 Dungeon Crawl Stone Soup version 0.30-a0-1116-gebefce21f7 (webtiles) character file.

Game seed: 6021385070262101786

1479155 Sobieck the Cloud Mage (level 27, 221/221 HPs)
             Began as a Human Air Elementalist on Apr 20, 2023.
             Was the Champion of Vehumet.
             Escaped with the Orb
             ... and 3 runes on Apr 21, 2023!
             The game lasted 04:56:54 (98039 turns).

Sobieck the Cloud Mage (Human Air Elementalist)    Turns: 98039, Time: 04:56:54

Health: 221/221    AC: 13    Str:  6    XL:     27
Magic:  56/56      EV: 18    Int: 35    God:    Vehumet [******]
Gold:   5337       SH:  7    Dex: 19    Spells: 8/66 levels left

rFire   + + .      SeeInvis +    b - staff of conjuration "Casaj" {rF+ rCorr Str-3, !a@e2staff}
rCold   + . .      Faith    .    f - +3 buckler {rPois}
rNeg    . . .      Spirit   .    Y - +2 robe {Archmagi}
rPois   +          Reflect  .    Z - +3 crown of Dyrovepreva {rElec Int+2 SInv}
rElec   +          Rampage  .    Q - scarf {rC+ rF+}
rCorr   +          Archmagi +    k - +2 pair of gloves
Will    ++...                    s - +2 pair of boots
Stlth   +                        r - amulet "Seebluag" {RegenMP Dex+3}
HPRegen 0.56/turn                q - +6 ring of intelligence
MPRegen 0.75/turn                x - ring of magical power

@: no status effects
A: no striking features
0: Orb of Zot
}: 3/15 runes: decaying, serpentine, silver
a: Renounce Religion


You escaped.
You worshipped Vehumet.
Vehumet was exalted by your worship.
You visited 10 branches of the dungeon, and saw 50 of its levels.
You visited 2 bazaars.
You also visited: Trove and Wizlab.

You collected 9952 gold pieces.
You spent 4615 gold pieces at shops.


   Skills:
 - Level 19.0 Fighting
 - Level 10.0 Dodging
 - Level 3.0 Stealth
 - Level 20.0 Spellcasting
 - Level 25.0 Conjurations
 - Level 4.0 Summonings
 + Level 21.7 Fire Magic
 - Level 4.0 Ice Magic
 - Level 25.0 Air Magic


You had 8 spell levels left.
You knew the following spells:

 Your Spells              Type           Power      Damage    Failure   Level
a - Chain Lightning       Conj/Air       84%        3d112     1%          9
b - Iskenderun's Battles  Conj           100%       2d15      0%          5
c - Swiftness             Air            100%       N/A       0%          3
d - Ignition              Fire           68%        3d18      1%          8
e - Freezing Cloud        Conj/Ice/Air   76%        6-21      0%          5
f - Maxwell's Capacitive  Air            71%        ∞         1%          8
g - Fire Storm            Conj/Fire      82%        8d21      2%          9
i - Arcjolt               Conj/Air       84%        1d94      0%          5
j - Plasma Beam           Fire/Air       69%        2x1d94    0%          6

Your spell library contained the following spells:

 Spells                   Type           Power      Damage    Failure   Level
 Foxfire                  Conj/Fire      100%       2x1d9     0%          1
 Shock                    Conj/Air       100%       1d9       0%          1
 Momentum Strike          Conj/Tloc      100%       3d10      0%          2
 Static Discharge         Conj/Air       100%       2-7/arc   0%          2
 Dazzling Flash           Conj/Hex       100%       N/A       0%          3
 Mephitic Cloud           Conj/Pois/Air  100%       N/A       0%          3
 Stone Arrow              Conj/Erth      100%       3d13      0%          3
 Airstrike                Air            71%        2d(11-27) 0%          4
 Flame Wave               Conj/Fire      100%       2d21      0%          4
 Sticky Flame             Conj/Fire      100%       2d11      0%          4
 Fireball                 Conj/Fire      82%        3d30      0%          5
 Conjure Ball Lightning   Conj/Air       84%        3x3d32    0%          6
 Starburst                Conj/Fire      82%        6d21      0%          6
 Apportation              Tloc           100%       N/A       1%          1
 Beastly Appendage        Tmut           100%       N/A       1%          1
 Necrotise                Necr           100%       1d9       1%          1
 Slow                     Hex            100%       N/A       1%          1
 Sting                    Tmut/Pois      100%       1d8       1%          1
 Summon Small Mammal      Summ           100%       N/A       1%          1
 Call Imp                 Summ           100%       N/A       1%          2
 Cigotuvi's Dreadful Rot  Necr/Pois/Air  100%       N/A       1%          2
 Lesser Beckoning         Tloc           100%       N/A       1%          2
 Sublimation of Blood     Necr           51%        N/A       1%          2
 Wereblood                Tmut           51%        N/A       1%          2
 Call Canine Familiar     Summ           76%        N/A       1%          3
 Ignite Poison            Fire/Tmut/Pois 91%        N/A       1%          3
 Inner Flame              Hex/Fire       100%       N/A       1%          3
 Ozocubu's Armour         Ice            76%        N/A       1%          3
 Summon Guardian Golem    Hex/Summ       65%        N/A       1%          3
 Volatile Blastmotes      Fire/Tloc      100%       2d18      1%          3
 Iskenderun's Mystic Bla  Conj/Tloc      100%       2d19      1%          4
 Summon Lightning Spire   Summ/Air       100%       N/A       1%          4
 Irradiate                Conj/Tmut      67%        3d34      1%          5
 Silence                  Hex/Air        55%        N/A       1%          5
 Confusing Touch          Hex            51%        N/A       3%          3
 Gell's Gravitas          Tloc           51%        N/A       3%          3
 Portal Projectile        Hex/Tloc       100%       N/A       3%          3
 Spider Form              Tmut/Pois      51%        N/A       3%          3
 Teleport Other           Tloc           51%        N/A       3%          3
 Tukima's Dance           Hex            51%        N/A       3%          3
 Vampiric Draining        Necr           51%        2d9       3%          3
 Olgreb's Toxic Radiance  Pois           51%        N/A       3%          4
 Animate Armour           Summ/Erth      100%       N/A       5%          4
 Storm Form               Tmut/Air       55%        N/A       6%          7
 Lee's Rapid Deconstruct  Erth           25%        3d14*     9%          5
 Yara's Violent Unravell  Hex/Tmut       25%        3d11      9%          5
 Anguish                  Hex/Necr       25%        N/A       12%         4
 Animate Dead             Necr           51%        N/A       12%         4
 Cause Fear               Hex            25%        N/A       12%         4
 Leda's Liquefaction      Hex/Erth       25%        N/A       12%         4
 Passage of Golubria      Tloc           51%        N/A       12%         4
 Petrify                  Tmut/Erth      51%        N/A       12%         4
 Lehudib's Crystal Spear  Conj/Erth      67%        10d15     13%         8
 Metabolic Englaciation   Hex/Ice        32%        N/A       14%         5
 Summon Forest            Summ/Tloc      32%        N/A       14%         5
 Summon Mana Viper        Hex/Summ       65%        N/A       14%         5
 Agony                    Necr           51%        N/A       32%         5
 Blade Hands              Tmut           25%        N/A       32%         5
 Borgnjor's Vile Clutch   Necr/Erth      25%        N/A       32%         5
 Summon Cactus Giant      Summ           38%        N/A       34%         6
 Eringya's Noxious Bog    Tmut/Pois      25%        N/A       41%         6
 Simulacrum               Ice/Necr       32%        N/A       63%         6
 Death Channel            Necr           25%        N/A       88%         6
 Statue Form              Tmut/Erth      34%        N/A       88%         6
 Summon Hydra             Summ           38%        N/A       89%         7
 Dragon Form              Tmut           25%        N/A       100%        7
 Enfeeble                 Hex            25%        N/A       100%        7
 Borgnjor's Revivificati  Necr           25%        N/A       100%        8
 Discord                  Hex            25%        N/A       100%        8
 Necromutation            Tmut/Necr      25%        N/A       100%        8
 Death's Door             Necr           25%        N/A       100%        9
 Dragon's Call            Summ           38%        N/A       100%        9
 Shatter                  Erth           25%        3d22*     100%        9

Inventory:

Armour
 f - a +3 buckler of poison resistance (worn)
   (You took it off a tengu reaver on level 5 of the Vaults)
 k - a +2 pair of gloves (worn)
   (You found it on level 9 of the Dungeon)
 s - a +2 pair of boots (worn)
   (You found it on level 2 of the Dungeon)
 L - the +2 hat of the Villain {rF++}
   (You found it on level 3 of the Lair of Beasts)

   rF:        It greatly protects you from fire.
 Q - a scarf of resistance (worn)
   (You found it on level 1 of the Lair of Beasts)
 Y - a +2 robe of the Archmagi (worn)
   (You took it off a naga sharpshooter on level 2 of the Snake Pit)
 Z - the +3 crown of Dyrovepreva (worn) {rElec Int+2 SInv}
   (You bought it in a shop on level 2 of the Vaults)

   Int:       It affects your intelligence (+2).
   rElec:     It insulates you from electricity.
   SInv:      It lets you see invisible.
Magical Staves
 b - the staff of conjuration "Casaj" (weapon) {rF+ rCorr Str-3, !a@e2staff}
   (You found it on level 5 of the Vaults)

   [staff of conjuration]

   Base accuracy: +5 Base damage: 5 Base attack delay: 1.2 This weapon's minimum
   attack delay (0.6) is reached at skill level 12.
   Str:       It affects your strength (-3).
   rF:        It protects you from fire.
   rCorr:     It protects you from acid and corrosion.
   It falls into the 'Staves' category.
   It is a one-handed weapon.
Jewellery
 c - the ring "Xupud" {rF+ Dex+3}
   (You found it on level 3 of the Lair of Beasts)

   [ring of protection from fire]

   Dex:       It affects your dexterity (+3).
   rF:        It protects you from fire.
 m - a ring of flight
   (You found it on level 3 of the Realm of Zot)
 n - a ring of wizardry
   (You found it on level 13 of the Dungeon)
 q - a +6 ring of intelligence (left hand)
   (You found it on level 2 of the Dungeon)
 r - the amulet "Seebluag" (around neck) {RegenMP Dex+3}
   (You bought it in a shop in a bazaar)

   [amulet of magic regeneration]

   It increases your rate of magic regeneration.
   Dex:       It affects your dexterity (+3).
 x - a ring of magical power (right hand)
   (You found it on level 2 of the Dungeon)
 y - a ring of see invisible
   (You found it on level 7 of the Dungeon)
 A - a ring of resist corrosion
   (You found it on level 3 of the Dungeon)
 F - the ring of Suicidal Tendencies {rElec rC+ rN+ Stlth-}
   (You took it off a skeletal warrior on level 3 of the Crypt)

   [ring of positive energy]

   rC:        It protects you from cold.
   rElec:     It insulates you from electricity.
   rN:        It protects you from negative energy.
   Stlth:     It makes you less stealthy.
 U - a ring of protection from cold
   (You found it on level 3 of the Lair of Beasts)
Wands
 d - a wand of mindburst (26)
   (You found it on level 3 of the Elven Halls)
 B - a wand of digging (26)
   (You found it on level 3 of the Lair of Beasts)
 J - a wand of iceblast (41)
   (You took it off an orc priest on level 8 of the Dungeon)
 S - a wand of light (29)
   (You found it on level 1 of the Lair of Beasts)
Scrolls
 g - 2 scrolls of fear
 i - 16 scrolls of teleportation {@r4}
 j - 7 scrolls of magic mapping {!r}
 o - 4 scrolls of enchant weapon
 z - 5 scrolls of enchant armour
 E - 3 scrolls of blinking {!r}
 H - 6 scrolls of vulnerability {!r!r}
 I - 6 scrolls of torment {!r}
 K - 3 scrolls of amnesia
 O - a scroll of immolation {!r!r}
 W - 12 scrolls of fog
 X - 4 scrolls of poison {!r}
Potions
 a - 3 potions of cancellation
 h - a potion of invisibility
 l - 12 potions of attraction {!q}
 t - 22 potions of curing {@q1}
 u - a potion of magic
 v - 12 potions of brilliance
 w - 7 potions of lignification {!q}
 C - 5 potions of mutation {!q}
 G - 3 potions of ambrosia
 M - 12 potions of flight
 P - 9 potions of might
 R - 5 potions of haste {@q3}
 T - 2 potions of resistance
Miscellaneous
 e - a lightning rod (4/4)
   (You found it on level 13 of the Dungeon)
 D - a phial of floods
   (You found it on level 4 of the Dungeon)
 N - a condenser vane
   (You found it on level 15 of the Dungeon)
 V - a phantom mirror
   (You found it on level 12 of the Dungeon)

Dungeon Overview and Level Annotations

Branches:
Dungeon (15/15)            Temple (0/1) D:6            Lair (5/5) D:8
  Swamp (4/4) Lair:2        Snake (4/4) Lair:2        Slime (0/5) Lair:4
    Orc (2/2) D:11            Elf (3/3) Orc:2        Vaults (5/5) D:13
  Crypt (3/3) Vaults:3       Tomb (0/3) Crypt:3      Depths (4/4) D:15
    Zot (5/5) Depths:4     WizLab (visited)

Altars:
Ashenzari
Cheibriados
Dithmenos
Fedhas
Gozag
Hepliaklqana
Kikubaaqudgha
Qazlal
Ru
Sif Muna
Trog
Uskayaw
Vehumet
Wu Jian
Xom
Yredelemnul
Zin
The Shining One
Jiyva

Shops:
Orc:2 (*(!   Elf:2 [   Snake:2 =([   Snake:3 **   Vaults:2 [[   Depths:1 **

Portals:
Hell: Depths:1 Depths:2 Depths:3 Depths:4
Abyss: Depths:2 Depths:3
Pandemonium: Depths:2
Ziggurat: Depths:2

Annotations:
Swamp:2 exclusion: upstairs
Snake:3 exclusion: ice statue
Elf:2 11 runed translucent doors, Agnes
Depths:1 2 runed translucent doors
Depths:2 1 transporter
Depths:3 3 runed translucent doors, Dameikh's ghost, veteran FoFi; Osilorir's ghost, veteran MfMo; Roffer's ghost, adept DsGl
Zot:4 1 transporter

#........########........###..
#........# ############..
##'####### #..... ##)# ######
###### ####.#...
#..###....####....####....#...
###..##......##......##.....#...
#..>.##..##..##..##..##..##.#...
###†.##..##..#....#..##..##.#.##
#..##..##..#.@..#..##..##...#
#..##..##..##..##..##..##.###
#......##......##......##.# ##
###.....####....####....###.###.
#....#### ###### ###### #...#.
#.#..################### ###.#.
#......................# #.#.
#######.##.####.....##.# #...
#.##.# #....).#.########.


There were no monsters in sight!


Message History

An Ice Fiend comes into view.
You see here 8 stones {throwing}.
Danger!
A soul eater comes into view.
There is a stone staircase leading up, spattered with blood here.
Unknown command.
The Ice Fiend gestures at you. The bolt of cold hits you!! You resist.
You climb upwards.
There is a stone staircase leading down here.
(D) Dungeon (T) Temple (L) Lair (S) Swamp (P) Snake Pit (M) Slime Pits (O) Orcish Mines (E) Elven Halls (V) Vaults (C) Crypt (W) Tomb (U) Depths (H) Hell (Z) Zot
Where to? (Enter - D:1, ? - help)
What level of the Dungeon? (default 1, ? - help)
An ice devil comes into view.
Danger!
Unknown command.
Casting: Chain Lightning (mildly dangerous; 1% risk of failure)
Confirm with . or Enter, or press ? or * to list all spells.
You feel a strong surge of power! Lightning arcs from your hands!
The bolt of lightning hits the ice devil!!!!!
You kill the ice devil!
Vehumet accepts your kill.
You feel your power returning. The bolt of lightning hits you! You resist.
There is an open door here.
There is an open door here.
There is a stone staircase leading up, spattered with blood here.
(D) Dungeon (T) Temple (L) Lair (S) Swamp (P) Snake Pit (M) Slime Pits (O) Orcish Mines (E) Elven Halls (V) Vaults (C) Crypt (W) Tomb (U) Depths (H) Hell (Z) Zot
Where to? (Enter - D:1, ? - help)
You climb upwards.
There is a stone staircase leading down here.
Things that are here:
a +0 robe; a +0 dagger {short}
Things that are here:
a +0 chain mail; a +0 club {mace}
There is a stone staircase leading up, spattered with blood here.
You climb upwards.
There is a stone staircase leading down here.
There is a stone staircase leading up here.
You climb upwards.
There is a stone staircase leading down here.
There is a stone staircase leading up here.
You climb upwards.
There is a stone staircase leading down here.
You see here a +0 flail {mace}.
There is a stone staircase leading up, spattered with blood here.
You climb upwards. 4 hell hogs come into view.
There is a stone staircase leading down here.
Danger!
Casting: Chain Lightning (mildly dangerous; 1% risk of failure)
Confirm with . or Enter, or press ? or * to list all spells.
You feel a strong surge of power! Lightning arcs from your hands!
The bolt of lightning hits the hell hog!!!!
You kill the hell hog!
Vehumet accepts your kill.
You feel your power returning.
The bolt of lightning hits the hell hog!!!!!
You kill the hell hog!
Vehumet accepts your kill.
You feel your power returning. The bolt of lightning hits you! You resist.
The bolt of lightning hits the hell hog!!!
You kill the hell hog!
Vehumet accepts your kill.
You feel your power returning.
The bolt of lightning hits the hell hog!!!
You kill the hell hog!
Vehumet accepts your kill.
You feel your power returning.
Unknown command.
Casting: Chain Lightning (mildly dangerous; 1% risk of failure)
Confirm with . or Enter, or press ? or * to list all spells.
Okay, then.
Unknown command.
(D) Dungeon (T) Temple (L) Lair (S) Swamp (P) Snake Pit (M) Slime Pits (O) Orcish Mines (E) Elven Halls (V) Vaults (C) Crypt (W) Tomb (U) Depths (H) Hell (Z) Zot
Where to? (Enter - D:1, ? - help) 2 hell hogs come into view.
Danger!
The hell hog squeals angrily.
There is a stone staircase leading up here.
You climb upwards.
There is a stone staircase leading down here.
(D) Dungeon (T) Temple (L) Lair (S) Swamp (P) Snake Pit (M) Slime Pits (O) Orcish Mines (E) Elven Halls (V) Vaults (C) Crypt (W) Tomb (U) Depths (H) Hell (Z) Zot
Where to? (Enter - D:1, ? - help)
There is a stone staircase leading up here.
You climb upwards.
There is a stone staircase leading down here.
There is a staircase leading out of the dungeon here.
You have escaped!

Skill      XL: |  1  2  3  4  5  6  7  8  9 10 11 12 13 14 15 16 17 18 19 20 21 22 23 24 25 26 27 |
---------------+----------------------------------------------------------------------------------+-----
Conjurations   | 2 3 6 8 9 11 12 13 15 16 17 18 19 22 23 24 25 | 25.0
Spellcasting   | 3 4 5 6 8 9 10 11 12 13 14 20 | 20.0
Air Magic      | 4 5 6 7 9 10 11 12 14 15 16 18 19 20 21 22 23 24 25 | 25.0
Ice Magic      | 1 4 |  4.0
Summonings     | 4 |  4.0
Fighting       | 4 7 9 10 11 13 14 15 19 | 19.0
Stealth        | 3 |  3.0
Dodging        | 4 5 6 8 10 | 10.0
Fire Magic     | 3 4 9 13 21 | 21.7

Action                     |  1- 3 |  4- 6 |  7- 9 | 10-12 | 13-15 | 16-18 | 19-21 | 22-24 | 25-27 || total
---------------------------+-------+-------+-------+-------+-------+-------+-------+-------+-------++-------
  Melee: Rapier            |     9 |       |       |       |       |       |       |       |       ||     9
         Dagger            |    11 |       |       |       |       |       |       |       |       ||    11
         Whip              |       |     9 |     2 |     4 |       |       |       |       |       ||    15
         Staff             |       |       |       |       |     1 |     2 |       |     6 |       ||     9
   Cast: Shock             |    64 |    91 |   108 |    16 |   203 |   115 |       |       |       ||   597
         Static Discharge  |       |    21 |    28 |    41 |    44 |     8 |       |       |       ||   142
         Airstrike         |       |       |    46 |   134 |    50 |    26 |    23 |       |       ||   279
         Swiftness         |       |       |     1 |     2 |     4 |     4 |     2 |       |     4 ||    17
         Summon Lightning  |       |       |       |    28 |    76 |    70 |    10 |       |       ||   184
         Freezing Cloud    |       |       |       |    36 |    67 |    63 |     7 |     2 |       ||   175
         Iskenderun's Batt |       |       |       |       |    59 |    45 |    11 |       |     2 ||   117
         Conjure Ball Ligh |       |       |       |       |    23 |    82 |    26 |     2 |       ||   133
         Arcjolt           |       |       |       |       |     2 |    34 |    19 |     6 |     3 ||    64
         Plasma Beam       |       |       |       |       |       |   134 |   409 |   278 |   527 ||  1348
         Sticky Flame      |       |       |       |       |       |     1 |       |       |       ||     1
         Maxwell's Capacit |       |       |       |       |       |       |     1 |     6 |    60 ||    67
         Chain Lightning   |       |       |       |       |       |       |       |    70 |   234 ||   304
         Fire Storm        |       |       |       |       |       |       |       |       |    93 ||    93
         Ignition          |       |       |       |       |       |       |       |       |     8 ||     8
  Evoke: Wand              |       |       |       |       |       |     1 |     1 |       |       ||     2
    Use: Scroll            |       |     6 |     7 |    10 |     6 |     8 |    13 |     5 |    17 ||    72
         Potion            |       |       |       |     3 |     1 |     9 |     7 |     7 |    21 ||    48
   Stab: Sleeping          |       |     1 |       |       |       |       |       |       |       ||     1
 Armour: Robe              |     5 |     8 |    22 |    32 |    25 |    59 |    42 |    10 |    83 ||   286
  Dodge: Dodged            |    14 |    28 |    25 |    69 |    85 |   142 |    95 |    35 |   131 ||   624
  Block: Buckler           |       |       |       |       |       |    11 |    18 |     7 |    54 ||    90

Levels and vault maps discovered:
D:1:      minmay_arrival_wavy_path, layout_basic, minmay_misc_feat_alley
D:2:      layout_rooms, basic_altar
D:3:      layout_rooms, marbit_many_paths, gammafunk_ghost_grave,
          nrook_mini_vaults, minivault_11, glass_columns_c
D:4:      layout_rooms, minmay_hollow_rounded_squares
D:5:      layout_cave_pods, kennysheep_generic_room_4
D:6:      minmay_angry_zag, layout_basic, mainiacjoe_overflow_brackets,
          minmay_temple_entry_wispy, serial_undead, serial_undead_d,
          serial_undead_e, serial_undead_d, serial_undead_b, serial_undead_e,
          serial_undead_a, minmay_a_box_with_orc_wizards_in_it,
          uniq_blork_the_orc
D:7:      layout_rooms, nzn_hepliaklqana_mist_gate, nicolae_ru_path_of_blood,
          nicolae_overflow_hallway_of_the_gods, mainiacjoe_overflow_paths
D:8:      layout_gridville, zin_statuary, mainiacjoe_overflow_small_starburst,
          lair_entry_dummy, uniq_grum, uniq_prince_ribbit1, uniq_pikel
D:9:      layout_cross, cheibriados_altar_1, serial_bayou, serial_bayou_shore_a,
          serial_bayou_pond_d, serial_bayou_ford_a, serial_bayou_pond_e,
          minivault_16
D:10:     layout_loops_ring, mainiacjoe_overflow_24_doors, serial_glass,
          glass_columns_a, glass_columns_a, glass_columns_b, glass_columns_a,
          glass_columns_c, glass_columns_a, glass_columns_c, glass_columns_a,
          kennysheep_pointless_box, minmay_fountain_box
D:11:     layout_rooms, orc_0_dummy, hellmonk_guarded_unrand_night, uniq_sonja
D:12:     layout_loops_ring
D:13:     layout_gridville, ximxim_vaults_locker_room, uniq_rupert, uniq_azrael
D:14:     layout_stronghold, fedhas_altar_2
D:15:     gammafunk_depths_entry_grave, layout_rooms,
          hangedman_decor_clover_reticule, uniq_nessos
Lair:1:   gammafunk_boulding_lane, layout_cave_shapes, st_stairs_5,
          pdpol_lair_cabin_in_the_woods, serial_bayou_shore_b
Lair:2:   layout_cellular_growth, minmay_swamp_entry_eels,
          nicolae_snake_entry_warm_welcome, lemuel_fruit_tree
Lair:3:   gammafunk_indiana_jones, layout_gridlike, kennysheep_catoblepas_arena,
          lemuel_fruit_fields, infiniplex_staircase_pool
Lair:4:   layout_layer_cave, minmay_slime_entry_eyes,
          hangedman_lair_unloving_vines, grunt_megastairs_5,
          lemuel_fruit_fields, infiniplex_staircase_pool_2
Lair:5:   evilmike_catoblepas_cave, layout_regular_city, grunt_megastairs_4
Swamp:1:  layout_basic_swamp, nicolae_swamp_dense_foliage
Swamp:2:  layout_basic_swamp, hangedman_swamp_pad, uniq_louise
Swamp:3:  layout_basic_swamp, gammafunk_ghost_cemetery,
          hangedman_swamp_ruin_hall, nicolae_swamp_oklob_treasure_island,
          uniq_donald, uniq_kirke
Swamp:4:  swamp_old_school, layout_basic_swamp, swamp_pool2,
          hangedman_swamp_blocks, evilmike_swamp_ruin_house_5,
          water_boxes_lemuel, uniq_roxanne
Snake:1:  layout_onion_interference, basic_altar
Snake:2:  layout_grid_shapes, minmay_shop_star
Snake:3:  layout_chambers, ebering_ghost_gozag,
          portal_ice_cave_entry_ice_statue_one, st_stairs_10, uniq_mara
Snake:4:  johnstein_snake_rune_scales, layout_layer_cave
Orc:1:    layout_diamond_mine, biasface_ghost_orc_armoury, lemuel_statue_altar,
          uniq_snorg
Orc:2:    st_orc_ogre_mass, layout_caves
Elf:1:    eino_elf_arrival_sip, layout_loops_cross,
          portal_desolation_entry_ruin, minmay_elf_demonology,
          hangedman_elf_simple_split
Elf:2:    nicolae_elf_blades_crystal_corner, layout_geoelf_grid, serial_shops,
          bzr_entry_safe, shop_fountains, basic_altar,
          nicolae_elf_big_sculpture_3, nicolae_elf_double_double_double_trouble,
          uniq_nikola, uniq_agnes, uniq_aizul
Elf:3:    minmay_elf_hall_x, layout_loops_cross, uniq_asterion
Vaults:1: hangedman_vaults_impose, hangedman_vaults_stitches, v_alt_pattern_2,
          vaults_room_fancy_cross, vaults_dpeg_spiral,
          nicolae_vaults_little_squares_3, nicolae_vaults_an_arrangement,
          nicolae_vaults_shelves_hall, vaults_room_corners, grunt_vaults_twisty,
          hangedman_vaults_snaps, nicolae_vaults_network_s,
          nicolae_vaults_little_squares_6, vaults_dpeg_cross,
          layout_vaults_omnibox, serial_shops, bzr_in_the_mist
Vaults:2: v_misc_28, grunt_vaults_bifocal, hangedman_vaults_locks,
          ontoclasm_vaults_claustrophobia, dpeg_vaults_monster_box,
          nicolae_vaults_ring_of_whatevers, ontoclasm_vaults_chip,
          vaults_mumra_minichess, nicolae_vaults_murderbox,
          layout_vaults_big_room, serial_shops, nicolae_shop_waterfront,
          nicolae_trove_entry_isolated, uniq_sojobo
Vaults:3: nicolae_vaults_border_crossing, v_alt_pattern_6,
          nicolae_vaults_display_case, vaults_dpeg_diagonal,
          blue_anna_dwarven_crypt, hangedman_vaults_impose, v_misc_25,
          vaults_mumra_chevron, ontoclasm_vaults_chip, layout_vaults_omnigrid,
          uniq_margery
Vaults:4: vaults_dpeg_hooks, grunt_vaults_diagonal, vaults_mumra_hex, v_misc_17,
          hangedman_vaults_corner_blocks, grunt_vaults_focal,
          hangedman_vaults_unwind, v_alt_pattern_2, v_misc_8,
          layout_vaults_maze_snakey, uniq_saint_roka
Vaults:5
Crypt:1:  layout_chaotic_city, grunt_crypt_arrival_webbed
Crypt:2:  layout_misc_corridors, nicolae_elevator_lobby_plus
Crypt:3:  david_glass_crypt, layout_chaotic_city,
          nicolae_tomb_entry_unfolded_pyramid_diagonal, fountainhead,
          small_statue_intersection, uniq_vv, uniq_boris, uniq_khufu
Depths:1: lightli_eight_chambers, layout_long_grid, hell_entry,
          minmay_misc_feat_rows, drop_trap, nicolae_elemental_shop,
          nicolae_shop_overcharged_wands
Depths:2: gammafunk_sealed_library, layout_gridlike, enter_ziggurat_d,
          infiniplex_enter_wizlab_water, grunt_hell_entry_dis_grunt,
          grunt_pan_entry_in_and_out, abyss_entry, led_sif_pool,
          infiniplex_staircase_door_maze
Depths:3: lemuel_troll_bridge, layout_gridlike, abyss_entry,
          lemuel_doored_altar, hell_entry, gammafunk_ghost_crypt,
          brannock_xom_greatest_gift
Depths:4: grunt_zot_entry_tricorne, layout_basic, pf_hell_entry_tar_river,
          minmay_strange_pillars, drop_trap
Zot:1:    grunt_deathspiral_small, layout_onion
Zot:2:    cheibrodos_zot_enchanting_chambers, layout_cathedral_of_symmetry
Zot:3:    minmay_elemental_castle, layout_onion, nicolae_rock_paper_scissors,
          grunt_megastairs_2
Zot:4:    kennysheep_six_static_rooms, layout_misc_corridors,
          grunt_ministairs_9, chequers_guarded_unrand_mask_of_the_dragon
Zot:5:    layout_basic

Notes
Turn   | Place    | Note
-------+----------+-------------------------------------------
     0 | D:1      | Sobieck the Human Air Elementalist began the quest for the
                  | Orb.
     0 | D:1      | Reached XP level 1. HP: 13/13 MP: 3/3
   204 | D:1      | Reached XP level 2. HP: 14/19 MP: 1/5
   375 | D:1      | Learned a level 2 spell: Static Discharge
   822 | D:1      | Reached XP level 3. HP: 24/24 MP: 4/6
   826 | D:1      | Learned a level 3 spell: Swiftness
  1074 | D:2      | Reached skill level 2 in Conjurations
  1453 | D:2      | You pick up a book of Displacement and begin reading...
  1453 | D:2      | You add the spells Lesser Beckoning, Gell's Gravitas and
                  | Teleport Other to your library.
  1476 | D:2      | Reached XP level 4. HP: 30/30 MP: 4/7
  1752 | D:2      | Found an ornate altar of the Wu Jian Council.
  1845 | D:2      | You pick up a book of Debilitation and begin reading...
  1845 | D:2      | You add the spells Slow, Vampiric Draining and Confusing
                  | Touch to your library.
  2303 | D:3      | Found a runed translucent door.
  2303 | D:3      | Noticed BlueFalcon's ghost (weakling DsHW)
  2485 | D:3      | Found a broken altar of Ashenzari.
  2871 | D:4      | Found a large runed translucent door.
  2871 | D:4      | Found a large runed translucent door.
  2874 | D:4      | Noticed a bullfrog
  2875 | D:4      | Reached skill level 3 in Spellcasting
  2876 | D:4      | Noticed an acid dragon
  2910 | D:4      | Reached XP level 5. HP: 35/35 MP: 9/9
  3041 | D:3      | Reached skill level 4 in Air Magic
  3161 | D:4      | Reached skill level 3 in Conjurations
  3161 | D:4      | Reached XP level 6. HP: 41/41 MP: 11/11
  3198 | D:4      | Learned a level 4 spell: Airstrike
  3337 | D:3      | Reached skill level 4 in Spellcasting
  3793 | D:4      | Reached skill level 5 in Air Magic
  3936 | D:4      | Reached XP level 7. HP: 46/46 MP: 13/13
  4045 | D:4      | Found a large runed translucent door.
  4046 | D:4      | Found a large runed translucent door.
  4146 | D:4      | You add the spells Cigotuvi's Dreadful Rot, Ignite Poison
                  | and Freezing Cloud to your library.
  4227 | D:5      | Entered Level 5 of the Dungeon
  4764 | D:5      | Noticed a troll
  4769 | D:5      | Killed a troll
  4770 | D:5      | Reached skill level 5 in Spellcasting
  4770 | D:5      | Reached skill level 6 in Air Magic
  5010 | D:5      | Reached XP level 8. HP: 46/52 MP: 16/16
  5194 | D:6      | Found a radiant altar of Vehumet.
  5225 | D:6      | Became a worshipper of Vehumet
  5542 | D:6      | Found a staircase to the Ecumenical Temple.
  5557 | D:6      | Reached skill level 6 in Spellcasting
  5653 | D:6      | Noticed Blork the orc
  5656 | D:6      | Killed Blork the orc
  5657 | D:6      | Reached skill level 7 in Air Magic
  5825 | D:6      | HP: 12/52 [bullfrog zombie (2)]
  5830 | D:6      | HP: 9/52 [water moccasin skeleton (4)]
  6145 | D:6      | You pick up a book of Changes and begin reading...
  6145 | D:6      | You add the spells Beastly Appendage, Wereblood and Spider
                  | Form to your library.
  6157 | D:6      | You pick up a book of Callings and begin reading...
  6157 | D:6      | You add the spells Summon Small Mammal, Call Canine
                  | Familiar and Summon Guardian Golem to your library.
  6306 | D:6      | Reached XP level 9. HP: 42/57 MP: 14/19
  6395 | D:6      | Reached skill level 7 in Spellcasting
  6504 | D:6      | Identified the +2 robe "Girphoeneps" {Str+6 Int+2}
  6506 | D:6      | Reached skill level 8 in Air Magic
  6534 | D:6      | Reached * piety under Vehumet
  6534 | D:6      | Offered knowledge of Magic Dart by Vehumet.
  7179 | D:6      | Reached skill level 8 in Spellcasting
  7503 | D:7      | Found a hide-covered altar of Uskayaw.
  7538 | D:7      | Found a shimmering altar of Xom.
  7659 | D:7      | Reached skill level 9 in Air Magic
  7894 | D:7      | Found a hazy altar of Hepliaklqana.
  7984 | D:7      | Reached XP level 10. HP: 63/63 MP: 7/22
  8233 | D:7      | Found a shimmering blue altar of Sif Muna.
  8236 | D:7      | Found a bloodstained altar of Trog.
  8239 | D:7      | Found a stormy altar of Qazlal.
  8239 | D:7      | Found an ornate altar of the Wu Jian Council.
  8240 | D:7      | Found an ancient bone altar of Kikubaaqudgha.
  8247 | D:7      | Found a shadowy altar of Dithmenos.
  8262 | D:7      | Reached skill level 4 in Conjurations
  8484 | D:7      | Found a sacrificial altar of Ru.
  8606 | D:8      | Noticed a two-headed ogre
  8609 | D:8      | Killed a two-headed ogre
  8675 | D:8      | Found a glowing golden altar of the Shining One.
  8695 | D:8      | Reached skill level 5 in Conjurations
  8843 | D:8      | Found a glowing silver altar of Zin.
  8858 | D:8      | Identified the orb of Experimentation {guile, rElec rPois
                  | rCorr}
  8871 | D:8      | Reached skill level 9 in Spellcasting
  8871 | D:8      | Reached skill level 10 in Air Magic
  9066 | D:8      | Noticed Prince Ribbit
  9069 | D:8      | Killed Prince Ribbit
  9069 | D:8      | Reached ** piety under Vehumet
  9179 | D:8      | Found a staircase to the Lair.
  9187 | D:8      | Noticed Pikel
  9194 | D:8      | Killed Pikel
  9194 | D:8      | Offered knowledge of Freeze by Vehumet.
  9307 | D:8      | Learned a level 5 spell: Freezing Cloud
  9510 | D:8      | Reached skill level 6 in Conjurations
  9763 | D:8      | Noticed Grum
  9941 | D:8      | HP: 15/63 [wolf[Grum] (3)]
  9944 | D:7      | HP: 7/63 [/static electricity (5)]
  9945 | D:7      | Reached skill level 1 in Ice Magic
 10136 | D:7      | HP: 13/63 [/static electricity (4)]
 10470 | D:8      | You pick up a book of Storms and begin reading...
 10494 | D:8      | Learned a level 4 spell: Summon Lightning Spire
 10718 | D:9      | Reached XP level 11. HP: 66/68 MP: 21/24
 10966 | D:9      | Reached skill level 2 in Ice Magic
 10972 | D:9      | Reached skill level 1 in Summonings
 11007 | D:9      | You pick up a book of Callings and begin reading...
 11166 | D:9      | Identified the +1 leather armour "Ifok Xum" {Fly rElec}
 11209 | D:9      | Noticed a two-headed ogre
 11219 | D:9      | Killed a two-headed ogre
 11220 | D:9      | Reached skill level 2 in Summonings
 11264 | D:9      | Found a snail-covered altar of Cheibriados.
 11282 | D:9      | You pick up a book of the Hunter and begin reading...
 11282 | D:9      | You add the spells Portal Projectile and Leda's
                  | Liquefaction to your library.
 11372 | D:9      | Offered knowledge of Dazzling Flash by Vehumet.
 11710 | D:10     | Entered Level 10 of the Dungeon
 11714 | D:10     | Reached skill level 3 in Ice Magic
 12359 | D:10     | Found a basalt altar of Yredelemnul.
 12413 | D:10     | Reached skill level 7 in Conjurations
 12680 | D:10     | HP: 4/68 [cloud of freezing vapour (24)]
 13266 | D:10     | Reached skill level 11 in Air Magic
 13400 | D:11     | Found a staircase to the Orcish Mines.
 13406 | D:11     | Noticed a two-headed ogre
 13409 | D:11     | Killed a two-headed ogre
 13410 | D:11     | Reached skill level 10 in Spellcasting
 13410 | D:11     | Reached skill level 3 in Summonings
 13530 | D:11     | Noticed Sonja
 13796 | D:11     | HP: 17/68 [Sonja/+1 short sword of venom (3)]
 13991 | D:11     | Killed Sonja
 13992 | D:11     | Reached skill level 4 in Ice Magic
 14059 | D:11     | Identified the +0 trident "Voqubloz" {heavy, rPois rN+}
 14090 | D:11     | Identified a scroll of acquirement
 14125 | D:10     | Acquired a staff of air
 14208 | D:11     | Noticed a two-headed ogre
 14231 | D:11     | Killed a two-headed ogre
 14334 | D:11     | Reached skill level 4 in Summonings
 14356 | D:11     | Reached skill level 8 in Conjurations
 14356 | D:11     | Reached XP level 12. HP: 54/74 MP: 20/26
 14431 | D:11     | Found the +5 robe of Night {Dark Will+ SInv}
 14850 | D:12     | Reached *** piety under Vehumet
 14851 | D:12     | Reached skill level 12 in Air Magic
 14990 | D:12     | Reached skill level 1 in Fighting
 15488 | D:12     | Reached skill level 3 in Stealth
 15696 | D:12     | Noticed a two-headed ogre
 15708 | D:12     | Killed a two-headed ogre
 15709 | D:12     | Reached skill level 2 in Fighting
 15709 | D:12     | Reached skill level 3 in Dodging
 15959 | Lair:1   | Entered Level 1 of the Lair of Beasts
 15961 | Lair:1   | Found a transporter.
 15963 | Lair:1   | Found a transporter.
 15982 | Lair:1   | Noticed a boulder beetle
 16016 | Lair:1   | You fall into a shaft and drop 1 floor!
 16121 | Lair:1   | Reached skill level 3 in Fighting
 16212 | Lair:1   | Noticed a catoblepas
 16220 | Lair:1   | Killed a catoblepas
 16221 | Lair:1   | Reached skill level 4 in Dodging
 16262 | Lair:1   | Reached skill level 9 in Conjurations
 16576 | Lair:1   | Offered knowledge of Fulminant Prism by Vehumet.
 16782 | Lair:1   | Noticed a catoblepas
 16798 | Lair:1   | Killed a catoblepas
 16799 | Lair:1   | Reached skill level 4 in Fighting
 16901 | Lair:1   | Found a runed translucent door.
 16946 | Lair:1   | Reached XP level 13. HP: 36/88 MP: 8/27
 17473 | Lair:2   | Reached skill level 5 in Dodging
 17745 | Lair:2   | Reached skill level 13 in Air Magic
 17747 | Lair:2   | Reached skill level 5 in Fighting
 17755 | Lair:2   | Reached **** piety under Vehumet
 17803 | Lair:2   | Noticed a four-headed hydra
 17812 | Lair:2   | Killed a four-headed hydra
 17846 | Lair:2   | You pick up a book of Unlife and begin reading...
 17846 | Lair:2   | You add the spells Animate Dead, Borgnjor's Vile Clutch and
                  | Death Channel to your library.
 18086 | Lair:2   | Found a staircase to the Swamp.
 18240 | Lair:2   | Reached skill level 10 in Conjurations
 18246 | Lair:2   | Offered knowledge of Iskenderun's Battlesphere by Vehumet.
 18254 | Lair:2   | Learned a level 5 spell: Iskenderun's Battlesphere
 18515 | Lair:2   | Found a staircase to the Snake Pit.
 18807 | Lair:3   | Found a runed translucent door.
 18841 | Lair:3   | You pick up a book of Air and begin reading...
 19156 | Lair:3   | Reached skill level 6 in Fighting
 19560 | Lair:3   | Noticed a catoblepas
 19565 | Lair:3   | Killed a catoblepas
 20286 | Lair:4   | Found a staircase to the Slime Pits.
 20286 | Lair:4   | Found a viscous altar of Jiyva.
 20374 | Lair:4   | Reached skill level 7 in Fighting
 20593 | Lair:3   | Noticed a catoblepas
 20609 | Lair:3   | Killed a catoblepas
 20778 | Lair:4   | Reached skill level 11 in Conjurations
 20883 | Lair:4   | Reached skill level 14 in Air Magic
 20883 | Lair:4   | Reached XP level 14. HP: 103/103 MP: 21/28
 21712 | Lair:4   | Reached skill level 8 in Fighting
 22276 | Lair:5   | Entered Level 5 of the Lair of Beasts
 22448 | Lair:5   | Reached ***** piety under Vehumet
 22469 | Lair:5   | Offered knowledge of Conjure Ball Lightning by Vehumet.
 22477 | Lair:5   | Learned a level 6 spell: Conjure Ball Lightning
 22514 | Lair:5   | Reached skill level 12 in Conjurations
 22802 | Lair:5   | Reached skill level 9 in Fighting
 23373 | Lair:5   | Reached skill level 15 in Air Magic
 23376 | Lair:5   | You pick up a book of Flames and begin reading...
 23376 | Lair:5   | You add the spells Inner Flame, Sticky Flame and Flame Wave
                  | to your library.
 23783 | Lair:5   | Reached XP level 15. HP: 106/115 MP: 29/29
 23831 | Lair:5   | Reached skill level 10 in Fighting
 24516 | Orc:1    | Entered Level 1 of the Orcish Mines
 24534 | Orc:1    | Noticed an orc warlord
 24543 | Orc:1    | Killed an orc warlord
 24929 | Orc:1    | Found a runed translucent gate.
 24929 | Orc:1    | Found a runed translucent gate.
 24930 | Orc:1    | Found a runed translucent gate.
 24932 | Orc:1    | Noticed ders's ghost (journeyman GrEE)
 24936 | Orc:1    | Noticed an orc warlord
 25043 | Orc:2    | Entered Level 2 of the Orcish Mines
 25047 | Orc:2    | Offered knowledge of Lee's Rapid Deconstruction by Vehumet.
 25401 | Orc:1    | Reached skill level 13 in Conjurations
 25732 | Orc:1    | HP: 28/115 [/static electricity (1)]
 25983 | Orc:1    | HP: 19/115 [two-headed ogre/+0 giant club (24)]
 26416 | Orc:2    | Reached skill level 11 in Spellcasting
 27130 | Orc:2    | Paralysed by an ogre mage for 3 turns
 27163 | Orc:2    | Found Kih Huruph's Assorted Antiques.
 27163 | Orc:2    | Found Seacut's Distillery.
 27164 | Orc:2    | Found Qolixte's Weapon Shoppe.
 27164 | Orc:2    | Found Yfretev's Antique Weapon Boutique.
 27424 | Orc:2    | Found a staircase to the Elven Halls.
 27705 | Orc:1    | Noticed Snorg
 27712 | Orc:1    | Killed Snorg
 28458 | D:13     | Offered knowledge of Arcjolt by Vehumet.
 28459 | D:13     | Reached skill level 16 in Air Magic
 28680 | D:13     | Learned a level 5 spell: Arcjolt
 29112 | Elf:1    | Entered Level 1 of the Elven Halls
 29118 | Elf:1    | Reached XP level 16. HP: 95/122 MP: 31/31
 29190 | Elf:1    | Reached skill level 12 in Spellcasting
 29651 | D:13     | HP: 29/122 [centaur warrior/arrow (8)]
 29658 | D:13     | HP: 27/122 [centaur warrior/arrow (11)]
 29880 | D:13     | Reached skill level 14 in Conjurations
 29975 | D:13     | Found a gate to the Vaults.
 30362 | D:13     | Noticed Azrael
 30365 | D:13     | Killed Azrael
 30767 | D:13     | Noticed Rupert
 30776 | D:13     | Killed Rupert
 31565 | D:14     | Reached skill level 17 in Air Magic
 31889 | D:14     | Found a blossoming altar of Fedhas.
 32167 | D:15     | Entered Level 15 of the Dungeon
 32175 | D:15     | Reached skill level 15 in Conjurations
 32179 | D:15     | Noticed Nessos
 33046 | D:15     | HP: 28/122 [Nessos/arrow (3)]
 33047 | D:14     | HP: 13/122 [poisoned by Nessos]
 33503 | D:15     | Killed Nessos
 34815 | D:15     | Reached skill level 18 in Air Magic
 35019 | D:15     | Found a staircase to the Depths.
 35037 | D:15     | Reached XP level 17. HP: 125/128 MP: 17/33
 35356 | Snake:1  | Entered Level 1 of the Snake Pit
 35425 | Snake:1  | Offered knowledge of Ozocubu's Refrigeration by Vehumet.
 35668 | Lair:2   | Learned a level 4 spell: Sticky Flame
 36438 | Snake:1  | Found a shimmering altar of Xom.
 36536 | Snake:1  | HP: 32/128 [poisoned by a nagaraja (bolt of poison)]
 36910 | Snake:2  | Reached skill level 19 in Air Magic
 36911 | Snake:2  | Identified a +1 robe of the Archmagi
 38123 | Snake:2  | Reached skill level 6 in Dodging
 38543 | Snake:2  | Found Dyfaff's Jewellery Shoppe.
 38547 | Snake:2  | Found Vasifias's Weapon Emporium.
 38548 | Snake:2  | Found Cechao's Armour Shoppe.
 38557 | Snake:2  | Bought a +2 helmet of see invisible for 365 gold pieces
 38718 | Snake:2  | You fall into a shaft and drop 1 floor!
 39333 | Snake:3  | Offered knowledge of Plasma Beam by Vehumet.
 39458 | Snake:3  | Found a runed translucent gate.
 39458 | Snake:3  | Found a runed translucent gate.
 39471 | Snake:3  | Found an opulent altar of Gozag.
 39472 | Snake:3  | Found a runed translucent gate.
 39475 | Snake:3  | Noticed Keuh's ghost (adept VSFi)
 39927 | Snake:3  | Noticed Mara
 39934 | Snake:3  | HP: 27/129 [Mara/+4 demon trident of freezing (6)]
 39936 | Snake:3  | HP: 9/129 [Mara/+4 demon trident of freezing (25)]
 40321 | Snake:3  | Learned a level 6 spell: Plasma Beam
 40645 | Snake:3  | Reached XP level 18. HP: 129/136 MP: 26/34
 41011 | Snake:3  | Killed Mara
 41012 | Snake:3  | Reached skill level 13 in Spellcasting
 41718 | Snake:3  | Found Yfidiawk's Assorted Antiques.
 41766 | Snake:3  | Found Hyim's Assorted Antiques.
 41865 | Snake:4  | Entered Level 4 of the Snake Pit
 41981 | Snake:4  | Reached skill level 11 in Fighting
 42245 | Snake:4  | Reached skill level 7 in Dodging
 43325 | Snake:4  | Reached skill level 1 in Fire Magic
 44187 | Snake:4  | Offered knowledge of Eringya's Noxious Bog by Vehumet.
 44189 | Snake:4  | Reached skill level 2 in Fire Magic
 44784 | Snake:4  | Reached skill level 16 in Conjurations
 44791 | Snake:4  | Identified a +2 robe of the Archmagi
 44819 | Snake:3  | Reached skill level 3 in Fire Magic
 45116 | Snake:4  | Reached skill level 8 in Dodging
 45558 | Snake:4  | Got a serpentine rune of Zot
 46802 | Elf:1    | Reached XP level 19. HP: 146/146 MP: 36/36
 46981 | Elf:1    | Reached skill level 4 in Fire Magic
 47345 | Elf:1    | You fall into a shaft and drop 1 floor!
 47345 | Elf:2    | Noticed a deep elf blademaster
 47345 | Elf:2    | Noticed Agnes
 47345 | Elf:2    | Found a runed translucent gate.
 47345 | Elf:2    | Found a runed translucent gate.
 47345 | Elf:2    | Found a runed translucent gate.
 47692 | Elf:1    | Offered knowledge of Starburst by Vehumet.
 47693 | Elf:1    | Reached skill level 12 in Fighting
 47721 | Elf:1    | Reached skill level 20 in Air Magic
 47900 | Elf:1    | You add the spells Call Imp, Summon Mana Viper and Dragon's
                  | Call to your library.
 47900 | Elf:1    | Got the Parchment of Phantasms
 48062 | Elf:1    | Found a shimmering altar of Xom.
 48088 | Elf:1    | Found a shimmering blue altar of Sif Muna.
 48179 | Elf:2    | Found Faetepne's Armour Shoppe.
 48187 | Elf:2    | Found a flickering gateway to a bazaar.
 48194 | Bazaar   | Entered a bazaar
 48208 | Bazaar   | Found Beuvuem's General Store.
 48226 | Bazaar   | Found Ocuz's Magic Scroll Shoppe.
 48230 | Bazaar   | Bought a scroll of amnesia for 28 gold pieces
 48230 | Bazaar   | Bought a scroll of amnesia for 28 gold pieces
 48245 | Bazaar   | Bought a scroll of amnesia for 40 gold pieces
 48245 | Bazaar   | Bought a scroll of magic mapping for 75 gold pieces
 48260 | Bazaar   | Bought a scroll of magic mapping for 52 gold pieces
 48272 | Bazaar   | Found Fofan's Armour Shoppe.
 48272 | Bazaar   | Found Ytul's Assorted Antiques.
 48313 | Bazaar   | Bought a scroll of acquirement for 1404 gold pieces
 48313 | Bazaar   | Acquired 1163 gold pieces
 48696 | Elf:2    | Found a radiant altar of Vehumet.
 49035 | Elf:2    | Noticed Nikola
 49043 | Elf:2    | Killed Nikola
 49241 | Elf:2    | Found a huge runed translucent gate.
 49241 | Elf:2    | Found a huge runed translucent gate.
 49242 | Elf:2    | Found a huge runed translucent gate.
 49242 | Elf:2    | Found a huge runed translucent gate.
 49242 | Elf:2    | Found a huge runed translucent gate.
 49243 | Elf:2    | Found a huge runed translucent gate.
 49243 | Elf:2    | Found a huge runed translucent gate.
 49244 | Elf:2    | Found a huge runed translucent gate.
 49244 | Elf:2    | Noticed a deep elf blademaster
 49367 | Elf:2    | Noticed a deep elf blademaster
 49530 | Elf:3    | Entered Level 3 of the Elven Halls
 49541 | Elf:3    | Reached skill level 9 in Dodging
 49896 | Elf:3    | Acquired 1273 gold pieces
 49897 | Elf:3    | Noticed Asterion
 49901 | Elf:3    | Killed Asterion
 50324 | Elf:3    | Identified the +9 war axe "Gariud" {venom, Drain Str+9
                  | Int+4 Dex-5}
 51008 | Elf:3    | Paralysed by an air elemental for 1 turns
 51008 | Elf:3    | Noticed a deep elf blademaster
 51013 | Elf:3    | Paralysed by an air elemental for 1 turns
 51481 | Elf:3    | Killed a deep elf blademaster
 51482 | Elf:3    | Reached skill level 10 in Dodging
 51643 | Elf:3    | Reached skill level 13 in Fighting
 51643 | Elf:3    | Reached skill level 17 in Conjurations
 51648 | Elf:3    | Identified the +7 executioner's axe of True Grit {freeze,
                  | *Rage rC+ rN+ SInv}
 51653 | Elf:3    | Reached XP level 20. HP: 156/156 MP: 27/37
 51669 | Elf:3    | Identified the staff of conjuration "Wyotz" {Fly rC- Dex+3}
 52019 | Elf:3    | a +0 leather armour; the +7 executioner's axe of True Grit
                  | {freeze, *Rage rC+ rN+ SInv, axerare=g}; a wand of
                  | polymorph (6)
 52020 | Elf:3    | a +0 leather armour; the +7 executioner's axe of True Grit
                  | {freeze, *Rage rC+ rN+ SInv, axerare=g}; a wand of
                  | polymorph (6)
 52020 | Elf:3    | Could not pick up the +7 executioner's axe of True Grit
                  | {freeze, *Rage rC+ rN+ SInv, axerare=g} and a wand of
                  | polymorph (6) here; ([A]lways) ignore them?
 52042 | Elf:3    | Identified the +10 quarterstaff of Duty {flame, SInv}
 52055 | Elf:3    | Identified the +5 quarterstaff of Darkness {speed, rF++
                  | Int+5}
 52055 | Elf:3    | Identified the +0 robe of Boredom {rN+ Regen+ Int+5}
 52240 | Elf:3    | Paralysed by an air elemental for 1 turns
 52261 | Elf:3    | Paralysed by an air elemental for 1 turns
 53108 | Elf:3    | You pick up a book of the Dragon and begin reading...
 53108 | Elf:3    | You add the spells Cause Fear and Dragon Form to your
                  | library.
 53110 | Elf:3    | Got Kikubaaqudgha's Parchment of Sinister Arts
 53115 | Elf:3    | You add the spells Borgnjor's Revivification, Necromutation
                  | and Death's Door to your library.
 53117 | Elf:3    | Identified the +1 scale mail "Beefus" {rN+ rCorr Str+3
                  | Slay+2}
 53127 | Elf:3    | You pick up a book of Changes and begin reading...
 53151 | Elf:3    | Got the Compilation of Teratogeny
 53441 | Swamp:1  | Entered Level 1 of the Swamp
 53924 | Swamp:1  | You pick up a book of Spectacle and begin reading...
 53924 | Swamp:1  | You add the spells Volatile Blastmotes, Dazzling Flash,
                  | Iskenderun's Mystic Blast and Starburst to your library.
 54545 | Swamp:2  | Reached skill level 21 in Air Magic
 54665 | Swamp:2  | Reached skill level 14 in Fighting
 54774 | Swamp:2  | Identified the +0 tower shield "Nemor" {rF+ Str+4}
 54774 | Swamp:2  | Noticed Louise
 54777 | Swamp:2  | Killed Louise
 54847 | Swamp:2  | Reached ****** piety under Vehumet
 55023 | Swamp:2  | Identified the orb of the Past {mayhem, Will+ Int+2}
 55032 | Swamp:2  | Could not pick up a +2 eveningstar of protection
                  | {macerare=g} and the +0 tower shield "Nemor" {rF+ Str+4}
                  | here; ([A]lways) ignore them?
 55096 | Swamp:2  | You pick up a book of Maledictions and begin reading...
 55096 | Swamp:2  | You add the spells Anguish and Enfeeble to your library.
 55113 | Swamp:2  | You pick up a book of Displacement and begin reading...
 55589 | Swamp:3  | Noticed Kirke
 55593 | Swamp:3  | Killed Kirke
 55968 | Swamp:3  | Noticed Donald
 55971 | Swamp:3  | Killed Donald
 55972 | Swamp:3  | Reached skill level 18 in Conjurations
 56306 | Swamp:3  | Found a runed translucent gate.
 56306 | Swamp:3  | Found a runed translucent gate.
 56306 | Swamp:3  | Found a runed translucent gate.
 56306 | Swamp:3  | Noticed voltaire321's ghost (adept MiFi)
 56308 | Swamp:3  | Noticed bakla's ghost (adept GrFi)
 56727 | Swamp:3  | Reached XP level 21. HP: 166/166 MP: 38/38
 56792 | Swamp:3  | You pick up a book of Cantrips and begin reading...
 56792 | Swamp:3  | You add the spells Necrotise and Apportation to your
                  | library.
 56798 | Swamp:3  | Identified the +6 scale mail of the Earth {Contam rCorr
                  | Str+2}
 57171 | Swamp:4  | Entered Level 4 of the Swamp
 57456 | Swamp:4  | Offered knowledge of Shatter by Vehumet.
 57456 | Swamp:4  | Offered knowledge of Ignition by Vehumet.
 57456 | Swamp:4  | Offered knowledge of Maxwell's Capacitive Coupling by
                  | Vehumet.
 57470 | Swamp:3  | Learned a level 8 spell: Maxwell's Capacitive Coupling
 57784 | Swamp:4  | Noticed the 27-headed Lernaean hydra
 57790 | Swamp:4  | Killed the 27-headed Lernaean hydra
 58122 | Swamp:4  | Noticed Roxanne
 58149 | Swamp:4  | Killed Roxanne
 58208 | Swamp:4  | Reached skill level 15 in Fighting
 58209 | Swamp:4  | You pick up a book of the Earth and begin reading...
 58209 | Swamp:4  | You add the spells Lee's Rapid Deconstruction and Statue
                  | Form to your library.
 58925 | Swamp:4  | Got a decaying rune of Zot
 59694 | Vaults:1 | Entered Level 1 of the Vaults
 59716 | Vaults:1 | Found a flickering gateway to a bazaar.
 59874 | Bazaar   | Entered a bazaar
 59874 | Bazaar   | Found Nuenoer's Distillery.
 59874 | Bazaar   | Found Udosex's Antique Weapon Shop.
 59874 | Bazaar   | Found Necs's Jewellery Shoppe.
 59876 | Bazaar   | Found Zoeb's Assorted Antiques.
 59876 | Bazaar   | Found Zoany's Antique Armour Boutique.
 59947 | Bazaar   | Bought a potion of heal wounds for 80 gold pieces
 59947 | Bazaar   | Bought a potion of resistance for 160 gold pieces
 59947 | Bazaar   | Bought a potion of curing for 48 gold pieces
 59947 | Bazaar   | Bought a potion of curing for 48 gold pieces
 59947 | Bazaar   | Bought a potion of mutation for 128 gold pieces
 59958 | Bazaar   | Bought the amulet "Seebluag" {RegenMP Dex+3} for 476 gold
                  | pieces
 60107 | Vaults:1 | You pick up a book of Transfigurations {@e2} and begin
                  | reading...
 60107 | Vaults:1 | You add the spells Irradiate and Blade Hands to your
                  | library.
 60237 | Vaults:1 | Reached skill level 22 in Air Magic
 60349 | Vaults:1 | Reached skill level 19 in Conjurations
 60435 | Vaults:1 | Reached skill level 5 in Fire Magic
 60778 | Vaults:1 | Reached skill level 6 in Fire Magic
 61069 | Vaults:1 | Reached skill level 7 in Fire Magic
 61436 | Vaults:1 | Upgraded the game from 0.30-a0-1114-gd936c97349 to
                  | 0.30-a0-1116-gebefce21f7
 61501 | Vaults:2 | Found Egraim's Armour Boutique.
 61518 | Vaults:2 | Found a portal to a secret trove of treasure.
 61629 | Vaults:2 | This trove needs a +6 demon trident to function. Give it
                  | the item?
 62112 | Vaults:2 | This trove needs a +6 demon trident to function. Give it
                  | the item?
 62112 | Vaults:2 | This trove needs a +6 demon trident to function. Give it
                  | the item?
 62112 | Vaults:2 | You paid a toll of a +6 demon trident to enter a treasure
                  | trove
 62113 | Trove    | Entered a treasure trove
 62141 | Trove    | Identified a potion of experience
 62142 | Trove    | Reached skill level 9 in Fire Magic
 62142 | Trove    | Reached XP level 22. HP: 175/175 MP: 39/39
 62155 | Trove    | Identified the amulet "Doveucs" {Faith MP+9}
 62277 | Vaults:2 | Acquired the Parchment of the Xenotype and Injury
 62278 | Vaults:2 | You add the spells Mephitic Cloud and Chain Lightning to
                  | your library.
 62391 | D:13     | Learned a level 9 spell: Chain Lightning
 62701 | Vaults:2 | Noticed Sojobo
 62704 | Vaults:2 | Reached XP level 23. HP: 147/181 MP: 40/40
 62726 | Vaults:1 | Paralysed by an air elemental for 1 turns
 62941 | Vaults:1 | Killed Sojobo
 63892 | Vaults:2 | Reached skill level 20 in Conjurations
 64207 | Vaults:2 | Found Coatitte's Armour Boutique.
 64216 | Vaults:2 | Bought the +3 crown of Dyrovepreva {rElec Int+2 SInv} for
                  | 579 gold pieces
 64216 | Vaults:2 | Found the +3 crown of Dyrovepreva {rElec Int+2 SInv}
 65004 | Vaults:3 | You pick up a book of Callings and begin reading...
 65033 | Vaults:3 | Noticed Margery
 65037 | Vaults:3 | Killed Margery
 65126 | Vaults:3 | +0 shadow dragon scales {rare}; a +3 glaive {polearm}
 65134 | Vaults:3 | Reached skill level 21 in Conjurations
 65139 | Vaults:3 | +0 shadow dragon scales {rare}; a +3 glaive {polearm}
 65159 | Vaults:3 | +0 shadow dragon scales {rare}; a +3 glaive {polearm}
 65161 | Vaults:3 | +0 shadow dragon scales {rare}; a +3 glaive {polearm}
 65212 | Vaults:3 | +0 shadow dragon scales {rare}; a +3 glaive {polearm}
 66074 | Vaults:3 | +0 shadow dragon scales {rare}; a +3 glaive {polearm}
 66074 | Vaults:3 | +0 shadow dragon scales {rare}; a +3 glaive {polearm}
 66074 | Vaults:3 | Could not pick up +0 shadow dragon scales {rare} and a +3
                  | glaive {polearm} here; ([A]lways) ignore them?
 66080 | Vaults:3 | +0 shadow dragon scales {rare}; a +3 glaive {polearm}
 66521 | Vaults:3 | Reached skill level 22 in Conjurations
 66824 | Vaults:3 | Found a staircase to the Crypt.
 66853 | Vaults:3 | You pick up a book of Blood and begin reading...
 66853 | Vaults:3 | You add the spells Sublimation of Blood and Summon Hydra to
                  | your library.
 67197 | Vaults:3 | +0 shadow dragon scales {rare}; a +3 glaive {polearm}
 67218 | Vaults:4 | Reached XP level 24. HP: 170/188 MP: 40/40
 67924 | Vaults:4 | You add the spells Stone Arrow, Animate Armour and Storm
                  | Form to your library.
 67924 | Vaults:4 | Got Otwushre's Teachings on the Quake and Evolution
 68189 | Vaults:4 | Noticed Saint Roka
 68197 | Vaults:4 | Killed Saint Roka
 68681 | Depths:1 | Entered Level 1 of the Depths
 68883 | Depths:1 | Found Toaluatez's Overcharged Wands.
 69046 | Depths:1 | You pick up a book of the Senses and begin reading...
 69206 | Depths:1 | Found Goigotu's Elemental Accessories.
 69248 | Depths:1 | Found a gateway to Hell.
 69345 | Depths:1 | Found a large runed translucent door.
 69345 | Depths:1 | Found a large runed translucent door.
 69797 | D:3      | Killed BlueFalcon's ghost
 69900 | D:4      | You pick up a book of Weapons and begin reading...
 69996 | D:8      | Killed Grum
 70236 | Lair:3   | Identified the +10 whip "Beastbane" {speed, rElec rC- Will+
                  | MP+9}
 70240 | Lair:3   | Identified the +2 hat of the Villain {rF++}
 70246 | Lair:3   | Found a runed translucent gate.
 70246 | Lair:3   | Found a runed translucent gate.
 70246 | Lair:3   | Found a runed translucent gate.
 70246 | Lair:3   | Found a runed translucent gate.
 70247 | Lair:3   | Found a runed translucent gate.
 70250 | Lair:3   | Found a runed translucent gate.
 70284 | Lair:3   | Reached skill level 23 in Conjurations
 70284 | Lair:3   | Reached skill level 23 in Air Magic
 70291 | Lair:3   | Identified the ring "Xupud" {rF+ Dex+3}
 70412 | Swamp:3  | Killed voltaire321's ghost
 70414 | Swamp:3  | Killed bakla's ghost
 70642 | Snake:3  | Killed Keuh's ghost
 70655 | Snake:3  | Bought a potion of magic for 264 gold pieces
 70655 | Snake:3  | Bought a dented diamond amulet for 165 gold pieces
 70655 | Snake:3  | Bought a dented ruby amulet for 165 gold pieces
 70946 | Orc:1    | Killed ders's ghost
 71158 | Depths:2 | Found a magical portal.
 71168 | WizLab   | Entered Tukima's Studio
 71221 | WizLab   | Identified the +3 hand crossbow "Didwuilu" {speed, rC+ MP+9
                  | Stlth-}
 71491 | WizLab   | Got the Octavo of Hexes
 71494 | WizLab   | You pick up a book of Displacement and begin reading...
 71506 | WizLab   | Identified the scarf of Cynicism {shadows, Rampage rElec
                  | Str+2 Dex-3}
 71750 | Orc:2    | Bought a potion of magic for 136 gold pieces
 71750 | Orc:2    | Bought a potion of brilliance for 68 gold pieces
 71750 | Orc:2    | Bought a potion of mutation for 136 gold pieces
 71750 | Orc:2    | Bought a potion of haste for 170 gold pieces
 71982 | Depths:2 | You pick up a book of the Moon and begin reading...
 71982 | Depths:2 | You add the spells Passage of Golubria and Lehudib's
                  | Crystal Spear to your library.
 72076 | Depths:2 | Reached XP level 25. HP: 134/194 MP: 40/40
 72313 | Depths:2 | Found a one-way gateway to a ziggurat.
 72317 | Depths:2 | Found a one-way gate to the infinite horrors of the Abyss.
 72443 | Depths:2 | Found a transporter.
 72499 | Depths:2 | Found a radiant altar of Vehumet.
 72537 | Depths:2 | Reached skill level 14 in Spellcasting
 72688 | Depths:2 | Found a one-way gate leading to the halls of Pandemonium.
 72807 | Depths:2 | Found a shimmering blue altar of Sif Muna.
 73110 | Depths:3 | Found a shimmering altar of Xom.
 74156 | Depths:3 | Found a runed translucent gate.
 74157 | Depths:3 | Found a runed translucent gate.
 74157 | Depths:3 | Noticed Osilorir's ghost (veteran MfMo)
 74157 | Depths:3 | Noticed Dameikh's ghost (veteran FoFi)
 74157 | Depths:3 | Noticed Roffer's ghost (adept DsGl)
 74157 | Depths:3 | Noticed an ancient lich
 74158 | Depths:3 | Found a runed translucent gate.
 74158 | Depths:3 | Found an ancient bone altar of Kikubaaqudgha.
 74158 | Depths:3 | Noticed an ancient lich
 74196 | Depths:3 | Found a hide-covered altar of Uskayaw.
 74324 | Depths:3 | You pick up a book of Winter and begin reading...
 74324 | Depths:3 | You add the spells Ozocubu's Armour, Metabolic Englaciation
                  | and Simulacrum to your library.
 74653 | Depths:4 | Entered Level 4 of the Depths
 74731 | Depths:4 | Reached skill level 24 in Conjurations
 74731 | Depths:4 | Reached skill level 24 in Air Magic
 75184 | Depths:4 | Identified +0 gold dragon scales
 75284 | Depths:4 | +0 gold dragon scales {rare}; a golden dragon corpse
 75311 | Depths:4 | +0 gold dragon scales {rare}; a golden dragon corpse
 75311 | Depths:4 | Found a gate to the Realm of Zot.
 75323 | Depths:4 | +0 gold dragon scales {rare}; a golden dragon corpse
 75552 | Depths:4 | +0 gold dragon scales {rare}; a golden dragon skeleton
 75560 | Depths:4 | +0 gold dragon scales {rare}; a golden dragon skeleton
 75703 | Depths:4 | Could not pick up +0 gold dragon scales {rare} here;
                  | ([A]lways) ignore it?
 75795 | Depths:4 | Reached XP level 26. HP: 201/201 MP: 41/41
 76338 | Depths:4 | You pick up a book of Sloth and begin reading...
 76778 | Vaults:3 | +0 shadow dragon scales {rare}; a +3 glaive {polearm}
 76829 | Crypt:1  | Entered Level 1 of the Crypt
 77057 | Crypt:1  | You pick up a book of the Moon and begin reading...
 77898 | Crypt:1  | Learned a level 8 spell: Ignition
 78314 | Crypt:2  | Noticed a curse skull
 78316 | Crypt:2  | Killed a curse skull
 78839 | Crypt:2  | Reached skill level 25 in Conjurations
 78839 | Crypt:2  | Reached skill level 10 in Fire Magic
 78839 | Crypt:2  | Reached skill level 25 in Air Magic
 79165 | Crypt:2  | You add the spells Summon Forest and Eringya's Noxious Bog
                  | to your library.
 79307 | Crypt:3  | Entered Level 3 of the Crypt
 79370 | Crypt:3  | Noticed a curse skull
 79373 | Crypt:3  | Killed a curse skull
 79829 | Crypt:3  | Reached skill level 11 in Fire Magic
 79842 | Crypt:3  | Noticed Vv
 79847 | Crypt:3  | Killed Vv
 79986 | Crypt:3  | Noticed Khufu
 79990 | Crypt:3  | Noticed Boris
 79991 | Crypt:3  | Killed Khufu
 79994 | Crypt:3  | Killed Boris
 79995 | Crypt:3  | Reached skill level 12 in Fire Magic
 80181 | Crypt:3  | Noticed a royal mummy
 80274 | Crypt:3  | Killed a royal mummy
 80508 | Crypt:3  | Identified the ring of Suicidal Tendencies {rElec rC+ rN+
                  | Stlth-}
 80508 | Crypt:3  | a skeletal warrior comes into view. It is wielding the +7
                  | great mace "Undeadhunter" {deathbane, rN+} and wearing the
                  | ring of Suicidal Tendencies {rElec rC+ rN+ Stlth-}.
 80509 | Crypt:3  | Noticed a curse toe
 80510 | Crypt:3  | Noticed a curse toe
 80613 | Crypt:3  | Killed a curse toe
 80860 | Crypt:3  | Identified the +7 chain mail of Thoughtfulness {rF++}
 80918 | Crypt:3  | Noticed a curse skull
 80921 | Crypt:3  | Killed a curse skull
 80922 | Crypt:3  | Reached skill level 13 in Fire Magic
 81128 | Crypt:3  | Found a staircase to the Tomb.
 81402 | Crypt:3  | Noticed an ancient lich
 81443 | Crypt:3  | Identified the ring "Hoalulusm" {Drain rN+ Str+6}
 81444 | Crypt:3  | Noticed an ancient lich
 81446 | Crypt:3  | Killed an ancient lich
 81448 | Crypt:3  | Killed an ancient lich
 81449 | Crypt:3  | Reached XP level 27. HP: 207/207 MP: 26/41
 81457 | Crypt:3  | Killed a curse toe
 81458 | Crypt:3  | Reached skill level 14 in Fire Magic
 81674 | Crypt:3  | Got Ymmucw's Atlas of Relocation
 81676 | Crypt:3  | Identified the +1 helmet "Ovatoxku" {Slay+2}
 81678 | Crypt:3  | Identified the +5 morningstar of the Slime-mould {pain,
                  | rN+++ rCorr Str+2 Int-5}
 81701 | Crypt:3  | Could not pick up a +0 quick blade of venom {shortrare=g}
                  | here; ([A]lways) ignore it?
 81837 | Vaults:5 | Entered Level 5 of the Vaults
 81844 | Vaults:5 | Reached skill level 15 in Fire Magic
 82045 | Vaults:5 | Identified the +8 mace of the Forgotten Realms {antimagic,
                  | Stlth+}
 82048 | Vaults:5 | Reached skill level 16 in Fire Magic
 82256 | Vaults:5 | Noticed an ancient lich
 82257 | Vaults:5 | Noticed an ancient lich
 82260 | Vaults:5 | HP: 37/207 [yaktaur captain/bolt (21)]
 82580 | Vaults:5 | Killed an ancient lich
 82582 | Vaults:5 | Reached skill level 15 in Spellcasting
 82582 | Vaults:5 | Killed an ancient lich
 82904 | Vaults:5 | Could not pick up quicksilver dragon scales {rare} here;
                  | ([A]lways) ignore it?
 82923 | Vaults:5 | Identified a +2 crystal plate armour
 82924 | Vaults:5 | Could not pick up a +2 crystal plate armour {rare=g} here;
                  | ([A]lways) ignore it?
 82994 | Vaults:5 | Got a silver rune of Zot
 83008 | Vaults:5 | You pick up a book of Misfortune and begin reading...
 83074 | Vaults:5 | Reached skill level 16 in Spellcasting
 83230 | Vaults:5 | Identified the +7 shortbow of Currency {speed, rCorr Int+3
                  | Dex+2}
 83299 | Vaults:5 | Identified the staff of fire "Ripnotot" {rF+ Str+3}
 83305 | Vaults:5 | Identified the staff of conjuration "Casaj" {rF+ rCorr
                  | Str-3}
 83403 | Vaults:5 | Identified the ring "Diom" {rPois rN+ Will- Int+4}
 84050 | Zot:1    | Entered Level 1 of the Realm of Zot
 86259 | Zot:1    | Reached skill level 16 in Fighting
 86331 | Zot:1    | Noticed an electric golem
 86340 | Zot:1    | Killed an electric golem
 86345 | Zot:1    | Reached skill level 17 in Spellcasting
 86729 | Zot:1    | Noticed an electric golem
 86733 | Zot:1    | Killed an electric golem
 86839 | Zot:1    | Noticed an electric golem
 86844 | Zot:1    | Killed an electric golem
 87412 | Zot:1    | Noticed a curse toe
 87414 | Zot:1    | Killed a curse toe
 87682 | Zot:2    | Reached skill level 17 in Fighting
 88245 | Zot:2    | Could not pick up +0 storm dragon scales {rare} here;
                  | ([A]lways) ignore it?
 88729 | Zot:2    | quicksilver dragon scales {rare}; a quicksilver dragon
                  | corpse
 88733 | Zot:2    | quicksilver dragon scales {rare}; a quicksilver dragon
                  | corpse
 88746 | Zot:2    | Reached skill level 18 in Spellcasting
 88749 | Zot:2    | Noticed a Killer Klown
 88768 | Zot:2    | quicksilver dragon scales {rare}; a quicksilver dragon
                  | corpse
 88780 | Zot:2    | Killed a Killer Klown
 88783 | Zot:2    | quicksilver dragon scales {rare}; a quicksilver dragon
                  | corpse
 88792 | Zot:2    | HP: 49/215 [arc of chain lightning (7)]
 88799 | Zot:2    | quicksilver dragon scales {rare}; a quicksilver dragon
                  | corpse
 89691 | Zot:2    | Identified the +8 plate armour of Sloth {rPois SInv}
 89854 | Zot:3    | Reached skill level 18 in Fighting
 90115 | Zot:3    | You pick up a book of the Wilderness and begin reading...
 90523 | Zot:3    | Identified the +3 double sword of the Priest {speed, rF++
                  | Str-5}
 90525 | Zot:3    | Identified the +3 double sword "Nepiss" {spect, rPois
                  | Int+2}
 90597 | Zot:3    | Identified the +1 double sword "Aror" {antimagic, Will+
                  | Str+5 Dex+2}
 90764 | Zot:3    | the +1 double sword "Aror" {antimagic, Will+ Str+5 Dex+2,
                  | longrare=g}; the +3 double sword of the Priest {speed, rF++
                  | Str-5, longrare=g}
 91225 | Zot:3    | Reached skill level 19 in Spellcasting
 91347 | Zot:3    | You pick up a book of Annihilations and begin reading...
 91347 | Zot:3    | You add the spells Fire Storm and Shatter to your library.
 91497 | Zot:3    | You pick up a book of Fire and begin reading...
 91497 | Zot:3    | You add the spells Foxfire and Fireball to your library.
 91545 | Zot:3    | Identified the +11 spear of Sunlight {holy, rC+ Str+3}
 91758 | Zot:3    | Could not pick up the +3 double sword "Nepiss" {spect,
                  | rPois Int+2, longrare=g} here; ([A]lways) ignore it?
 91761 | Zot:3    | a +10 double sword {longrare=g}; a +4 double sword
                  | {longrare=g}
 91761 | Zot:3    | a +10 double sword {longrare=g}; a +4 double sword
                  | {longrare=g}
 91761 | Zot:3    | Could not pick up a +10 double sword {longrare=g} and a +4
                  | double sword {longrare=g} here; ([A]lways) ignore them?
 91765 | Zot:3    | the +1 double sword "Aror" {antimagic, Will+ Str+5 Dex+2,
                  | longrare=g}; the +3 double sword of the Priest {speed, rF++
                  | Str-5, longrare=g}
 91765 | Zot:3    | the +1 double sword "Aror" {antimagic, Will+ Str+5 Dex+2,
                  | longrare=g}; the +3 double sword of the Priest {speed, rF++
                  | Str-5, longrare=g}
 91765 | Zot:3    | Could not pick up the +1 double sword "Aror" {antimagic,
                  | Will+ Str+5 Dex+2, longrare=g} and the +3 double sword of
                  | the Priest {speed, rF++ Str-5, longrare=g} here; ([A]lways)
                  | ignore them?
 91909 | Zot:3    | You pick up a book of the Dragon and begin reading...
 91975 | Zot:3    | Learned a level 9 spell: Fire Storm
 91990 | Zot:4    | Found a transporter.
 92034 | Zot:4    | Noticed an orb of fire
 92035 | Zot:4    | Gained mutation: You possess an exceptional clarity of
                  | mind. [an orb of fire]
 92038 | Zot:4    | Killed an orb of fire
 92125 | Zot:4    | Noticed a curse toe
 92291 | Zot:3    | Killed a curse toe
 92292 | Zot:3    | Reached skill level 19 in Fighting
 92687 | Zot:4    | Identified +0 gold dragon scales
 93566 | Zot:4    | Found the +0 mask of the Dragon {Will+ Slay+3 SInv}
 94010 | Zot:4    | Reached skill level 17 in Fire Magic
 94526 | Zot:5    | Entered Level 5 of the Realm of Zot
 94656 | Zot:5    | Reached skill level 20 in Spellcasting
 94771 | Zot:5    | Identified +0 gold dragon scales
 95069 | Zot:5    | +0 gold dragon scales {rare}; a golden dragon skeleton
 95244 | Zot:5    | Reached skill level 18 in Fire Magic
 95913 | Zot:5    | Noticed a dread lich
 95917 | Zot:5    | Killed a dread lich
 95930 | Zot:5    | Noticed a Killer Klown
 95931 | Zot:5    | Killed a Killer Klown
 95972 | Zot:5    | Noticed an orb of fire
 95978 | Zot:5    | Lost mutation: You possess an exceptional clarity of mind.
                  | [an orb of fire]
 95986 | Zot:5    | Killed an orb of fire
 96102 | Zot:5    | Reached skill level 19 in Fire Magic
 96255 | Zot:5    | Identified +0 gold dragon scales
 96260 | Zot:5    | Noticed a Killer Klown
 96262 | Zot:5    | Killed a Killer Klown
 96262 | Zot:5    | Noticed a Killer Klown
 96263 | Zot:5    | Killed a Killer Klown
 96317 | Zot:5    | a +9 spectral club {mace}; +0 gold dragon scales {rare}; a
                  | golden dragon corpse
 96319 | Zot:5    | Noticed an electric golem
 96324 | Zot:5    | a +9 spectral club {mace}; +0 gold dragon scales {rare}; a
                  | golden dragon corpse
 96329 | Zot:5    | Killed an electric golem
 96348 | Zot:5    | Noticed a Killer Klown
 96350 | Zot:5    | Killed a Killer Klown
 96399 | Zot:5    | Noticed an orb of fire
 96404 | Zot:5    | Killed an orb of fire
 96415 | Zot:5    | Noticed a Killer Klown
 96417 | Zot:5    | Killed a Killer Klown
 96441 | Zot:5    | Noticed a Killer Klown
 96443 | Zot:5    | Killed a Killer Klown
 96449 | Zot:5    | Noticed a Killer Klown
 96457 | Zot:5    | Killed a Killer Klown
 96458 | Zot:5    | Reached skill level 20 in Fire Magic
 96510 | Zot:5    | Noticed an electric golem
 96511 | Zot:5    | a +9 spectral club {mace}; +0 gold dragon scales {rare}; a
                  | golden dragon skeleton
 96528 | Zot:5    | a +9 spectral club {mace}; +0 gold dragon scales {rare}; a
                  | golden dragon skeleton
 96533 | Zot:5    | a +9 spectral club {mace}; +0 gold dragon scales {rare}; a
                  | golden dragon skeleton
 96533 | Zot:5    | Killed an electric golem
 96541 | Zot:5    | Noticed an orb of fire
 96545 | Zot:5    | Killed an orb of fire
 96557 | Zot:5    | Noticed a curse toe
 96561 | Zot:5    | Killed a curse toe
 96720 | Zot:5    | +0 gold dragon scales {rare}; a +9 spectral club {mace}
 96751 | Zot:5    | Noticed a Killer Klown
 96754 | Zot:5    | Killed a Killer Klown
 96760 | Zot:5    | Noticed a Killer Klown
 96765 | Zot:5    | Killed a Killer Klown
 96776 | Zot:5    | Noticed a curse toe
 96878 | Zot:5    | Reached skill level 21 in Fire Magic
 96908 | Zot:5    | Killed a curse toe
 96974 | Zot:5    | +0 gold dragon scales {rare}; a +9 spectral club {mace}
 97243 | Zot:5    | +0 gold dragon scales {rare}; a +9 spectral club {mace}
 97339 | Zot:5    | +0 gold dragon scales {rare}; a +9 spectral club {mace}
 97375 | Zot:5    | Got the Orb of Zot
 97450 | Zot:4    | Noticed Ygeaxif the pandemonium lord
 97457 | Zot:3    | HP: 48/221 [Ygeaxif the pandemonium lord (9)]
 97465 | Zot:3    | Killed Ygeaxif the pandemonium lord
 97752 | Depths:1 | Noticed Tenufyps the pandemonium lord
 98039 | D:$      | Escaped with the Orb!

Vanquished Creatures
  A dread lich (Zot:5)
  4 ancient liches
  Khufu (Crypt:3)
  4 orbs of fire
  Mara (Snake:3)
  A royal mummy (Crypt:3)
  Sojobo (Vaults:1)
  A pandemonium lord (Zot:3)
  Vv (Crypt:3)
  Boris (Crypt:3)
  10 Killer Klowns
  Saint Roka (Vaults:4)
  the Lernaean hydra (Swamp:4)
  6 curse toes
  7 golden dragons
  Margery (Vaults:3)
  Nikola (Elf:2)
  A bone dragon (Depths:4)
  5 electric golems
  2 Hell Sentinels
  21 tentacled monstrosities
  An iron giant (shapeshifter) (Vaults:2)
  5 liches
  25 Orb Guardians (Zot:5)
  Rupert (D:13)
  2 deep elf blademasters (Elf:3)
  7 titans (Vaults:5)
  12 quicksilver dragons
  3 walking crystal tomes
  A walking frostbound tome (Zot:3)
  Asterion (Elf:3)
  2 walking divine tomes
  8 ancient champions
  7 sphinxes
  15 death cobs
  8 tengu reavers
  An Executioner (D:15)
  Kirke (Swamp:3)
  The ghost of voltaire321 the Peltast, an adept MiFi of Makhleb (Swamp:3)
  Roxanne (Swamp:4)
  6 nagarajas
  A thorn hunter (Swamp:2)
  Donald (Swamp:3)
  The ghost of bakla the Warrior, an adept GrFi of Okawaru (Swamp:3)
  9 shadow dragons
  10 draconian monks
  18 fire giants
  14 storm dragons
  2 strange machines (WizLab)
  4 revenants
  4 draconian knights
  7 deep elf sorcerers (Elf:3)
  The ghost of Keuh the Slicer, an adept VSFi of Hepliaklqana (Snake:3)
  2 narguns (Zot:3)
  12 vault wardens
  A daeva (Zot:3)
  8 frost giants
  2 balrugs (Zot:3)
  A caustic shrike zombie (D:15)
  8 draconian scorchers
  4 ghost moths
  Louise (Swamp:2)
  3 curse skulls
  11 draconian stormcallers
  4 draconian shifters
  6 ghouls
  20 very ugly things
  10 ironbound preservers
  4 spectral caustic shrikes (Depths:4)
  4 deep elf elementalists (Elf:3)
  The ghost of ders the Devastator, a journeyman GrEE of Vehumet (Orc:1)
  4 orc warlords
  7 ironbound thunderhulks
  12 draconian annihilators
  A reaper (Depths:2)
  9 stone giants
  A broodmother (shapeshifter) (D:13)
  A war gargoyle (Vaults:3)
  3 juggernaut skeletons
  Nessos (D:15)
  27 green draconians
  10 vampire knights
  3 eleionomae
  4 deep elf demonologists
  15 dire elephants
  9 deep elf annihilators
  A lorocyproca (D:12)
  10 black draconians
  28 purple draconians
  13 yellow draconians
  Azrael (D:13)
  12 red draconians
  10 white draconians
  7 bunyips
  2 eidola (Crypt:1)
  4 crystal guardians
  15 ettins
  Snorg (Orc:1)
  An entropy weaver (Vaults:1)
  13 fire dragons
  19 jiangshi
  5 great orbs of eyes
  19 deep elf death magi
  5 deep elf high priests
  A quicksilver dragon zombie (D:15)
  12 yaktaur captains
  3 ice dragons (Depths:1)
  28 vault guards
  2 ogre magi
  3 peacekeepers
  24 hydras
  2 ghost crabs (Swamp:3)
  A salamander tyrant (Snake:4)
  5 spriggan air magi
  11 anacondas
  10 rakshasas
  6 centaur warriors
  6 ironbound frosthearts
  15 two-headed ogres
  21 dancing weapons
  8 catoblepae
  3 death knights
  10 alligators
  8 boulder beetles
  8 death yaks (Lair:5)
  16 deep troll earth magi
  10 deep troll shamans
  4 hell hogs (D:3)
  10 naga warriors
  10 vampire magi
  6 spriggan berserkers
  10 naga sharpshooters
  5 tengu warriors
  An orc high priest (Orc:1)
  11 shock serpents
  8 iron trolls
  A shock serpent (shapeshifter) (Depths:4)
  Sonja (D:11)
  2 skysharks
  2 emperor scorpion zombies
  12 hell knights
  12 deep elf knights
  A sixfirhy (Depths:2)
  21 skeletal warriors
  A ghost moth zombie (Crypt:2)
  A sun demon (D:14)
  3 shadow wraiths
  6 glowing orange brains
  37 deep trolls
  5 goliath frogs
  5 salamander mystics
  A spark wasp zombie (Depths:3)
  A death drake (shapeshifter) (Vaults:5)
  7 bog bodies
  A cherub (Zot:3)
  An anaconda zombie (Crypt:1)
  7 spriggan druids
  2 orb spiders (shapeshifter)
  An obsidian statue (Snake:3)
  3 flayed ghosts (Crypt:3)
  Pikel (D:8)
  A bunyip skeleton (Crypt:1)
  12 swamp dragons
  18 ironbound convokers
  9 wizards
  18 deep elf pyromancers
  5 harpies
  7 naga ritualists
  An iron giant skeleton (Crypt:1)
  12 deep elf archers
  12 phantasmal warriors
  19 lindwurms
  A wolf spider (shapeshifter) (Depths:4)
  24 deep elf zephyrmancers
  2 mana vipers
  7 necromancers
  37 ugly things
  10 orc knights
  A sphinx skeleton (Depths:3)
  A tengu skeleton (Vaults:3)
  2 stone giant zombies (Crypt:1)
  A mana viper (shapeshifter) (Vaults:3)
  3 manticores
  4 will-o-the-wisps
  2 orc sorcerers
  7 salamanders
  26 moths of wrath
  An oklob plant (Swamp:3)
  A cyclops (D:13)
  2 fire giant zombies (Vaults:3)
  8 guardian serpents
  15 vault sentinels
  6 elephants
  32 black mambas
  A shock serpent zombie (Crypt:1)
  A rust devil (Depths:2)
  19 naga magi
  A titan simulacrum (Depths:3)
  An eye of devastation (Lair:4)
  2 orange demons (Depths:2)
  A gargoyle (D:12)
  2 demonic crawlers (Zot:2)
  An unseen horror (D:12)
  6 cane toads
  A red draconian zombie (Crypt:2)
  A fire giant skeleton (Crypt:3)
  A sea snake zombie (Crypt:2)
  A guardian mummy (Crypt:3)
  A yellow draconian zombie (Crypt:1)
  A centaur skeleton (Crypt:3)
  A swamp worm zombie (Crypt:3)
  8 komodo dragons
  A rime drake (Lair:5)
  11 yaktaurs
  5 freezing wraiths
  3 tengu conjurers
  A pale draconian zombie (Crypt:3)
  2 red devils
  A red draconian skeleton (Crypt:2)
  2 ice devils
  A bloated husk (Swamp:4)
  A polar bear (Lair:5)
  15 hornets
  4 trolls
  8 tyrant leeches
  An iron dragon simulacrum (Depths:3)
  9 dream sheep
  Prince Ribbit (D:8)
  5 blink frogs
  A tarantella (Lair:3)
  A great orb of eyes zombie (Crypt:3)
  A satyr zombie (Crypt:3)
  2 shadows (D:11)
  29 slime creatures
  19 spriggans
  5 vampires
  4 wyverns
  8 wraiths
  2 water elementals
  3 ettin skeletons
  32 yaks
  An alligator skeleton (Crypt:3)
  A flying skull (Crypt:3)
  5 air elementals
  A black mamba skeleton (Crypt:3)
  An ice dragon skeleton (Crypt:1)
  2 ynoxinuls (Depths:2)
  12 humans
  Grum (D:8)
  2 basilisks
  5 fire elementals
  3 redbacks (Lair:3)
  A fire bat (shapeshifter) (Elf:3)
  2 hogs (Swamp:3)
  9 swamp worms
  15 vampire mosquitoes
  A swamp worm (shapeshifter) (Elf:1)
  48 nagas
  2 wargs
  3 acid dragons
  6 water moccasins
  A floating eye (Lair:4)
  24 orc warriors
  12 swamp drakes
  An ice beast (D:8)
  A cane toad skeleton (Crypt:2)
  24 ogres
  4 black bears
  3 sky beasts
  16 wolves
  14 boggarts
  7 centaurs
  3 phantoms (D:6)
  3 kobold brigands
  Blork the orc (D:6)
  2 wyvern zombies (D:6)
  A yaktaur skeleton (Crypt:1)
  4 scorpions
  7 bullfrogs
  3 necrophages
  An earth elemental (Elf:1)
  21 wights
  A water moccasin skeleton (D:6)
  6 killer bees (D:10)
  5 howler monkeys
  The ghost of BlueFalcon the Magician, a weakling DsHW (D:3)
  8 electric eels
  6 lava snakes
  A bullfrog zombie (D:6)
  2 centaur zombies
  4 sleepcaps
  A hound (D:5)
  9 orc priests
  4 jellies
  A bullfrog skeleton (Crypt:3)
  3 gnoll boudas
  2 iguanas
  16 orc wizards
  A killer bee zombie (D:6)
  14 mummies (Crypt:3)
  A howler monkey zombie (D:6)
  12 gnolls
  11 adders
  3 white imps
  An ufetubus (D:5)
  An iguana skeleton (Crypt:1)
  2 worms (D:4)
  A dart slug (D:1)
  45 orcs
  5 ball pythons
  6 bats
  7 endoplasms
  5 giant cockroaches
  5 goblins
  3 hobgoblins
  3 jackals
  4 quokkas
  2 frilled lizards (D:2)
  A gnoll skeleton (Crypt:2)
  14 kobolds
  A quokka zombie (Crypt:1)
  4 rats
  A rat zombie (Crypt:3)
  A river rat skeleton (Crypt:2)
  A spectral weapon (Zot:5)
2074 creatures vanquished.

Vanquished Creatures (collateral kills)
  A storm dragon (Zot:5)
  A nagaraja (Snake:4)
  A draconian scorcher (Zot:4)
  A draconian shifter (Zot:4)
  A draconian knight (Zot:5)
  3 draconian stormcallers (Zot:4)
  A bunyip (Swamp:4)
  A catoblepas (Lair:1)
  3 ogre magi (Orc:2)
  A hydra (D:15)
  2 anacondas
  2 centaur warriors
  A dancing weapon (Orc:2)
  A boulder beetle (D:14)
  A tengu warrior (D:14)
  5 two-headed ogres
  5 naga warriors
  4 naga sharpshooters
  A deep elf archer (Elf:3)
  A cyclops (D:15)
  3 ugly things (D:14)
  8 black mambas
  8 elephants
  A guardian serpent (Snake:1)
  A cane toad (Lair:4)
  3 naga magi
  A torpor snail (Lair:5)
  A rime drake (Lair:1)
  4 komodo dragons
  2 tengu conjurers (D:15)
  A polar bear (Lair:5)
  7 blink frogs
  A wyvern (Lair:3)
  14 yaks
  A basilisk (Lair:3)
  6 nagas
  2 orc warriors
  2 water moccasins
  2 hell hounds (D:13)
  3 centaurs
  2 ogres (Orc:2)
  8 wolves
  3 bullfrogs
  An earth elemental (Orc:2)
  4 orc priests
  An orc wizard (D:11)
  A dart slug (D:3)
  10 orcs
  6 kobolds (D:9)
  22 ball lightnings
166 creatures vanquished.

Vanquished Creatures (others)
  4 humans
  An orc (Orc:2)
  257 ball lightnings
  98 fire vortices
  17 foxfires
  36 fungi
  58 plants
  13 withered plants
484 creatures vanquished.

Grand Total: 2724 creatures vanquished

Table legend:
 A = Non-vault XP
 B = Vault XP
 C = Vault XP percentage of total XP
 D = Non-vault monster count
 E = Vault monster count
 F = Vault count percentage of total count
                 A         B        C        D         E       F
            +---------+---------+-------+---------+---------+-------
      Total |  835631 |  679910 |  44.9 |    1430 |     770 |  35.0
            +---------+---------+-------+---------+---------+-------
        D:1 |      48 |       0 |   0.0 |      20 |       0 |   0.0
        D:2 |      41 |       0 |   0.0 |      18 |       0 |   0.0
        D:3 |      59 |     109 |  64.9 |      11 |       4 |  26.7
        D:4 |     259 |     427 |  62.2 |      22 |      11 |  33.3
        D:5 |     365 |      45 |  11.0 |       7 |       2 |  22.2
        D:6 |    1006 |    1171 |  53.8 |      22 |      18 |  45.0
        D:7 |     978 |     472 |  32.6 |      18 |       4 |  18.2
        D:8 |    2288 |    1150 |  33.4 |      20 |       3 |  13.0
        D:9 |    1963 |       0 |   0.0 |      26 |       0 |   0.0
       D:10 |    2072 |       0 |   0.0 |      23 |       0 |   0.0
       D:11 |    2053 |    1990 |  49.2 |       6 |       6 |  50.0
       D:12 |    4329 |       0 |   0.0 |      14 |       0 |   0.0
       D:13 |   10808 |    6523 |  37.6 |      18 |      18 |  50.0
       D:14 |   14616 |       0 |   0.0 |      27 |       0 |   0.0
       D:15 |    6985 |    7336 |  51.2 |      16 |       9 |  36.0
     Lair:1 |    4209 |    4237 |  50.2 |      15 |       7 |  31.8
     Lair:2 |   10656 |     844 |   7.3 |      34 |       7 |  17.1
     Lair:3 |    5666 |    5074 |  47.2 |      21 |      13 |  38.2
     Lair:4 |    9617 |    1432 |  13.0 |      35 |       5 |  12.5
     Lair:5 |   10603 |   15965 |  60.1 |      32 |      39 |  54.9
    Swamp:1 |   11285 |       0 |   0.0 |      29 |       0 |   0.0
    Swamp:2 |   20655 |    1175 |   5.4 |      34 |       1 |   2.9
    Swamp:3 |   19190 |    6557 |  25.5 |      27 |       7 |  20.6
    Swamp:4 |   13425 |   19007 |  58.6 |      21 |      26 |  55.3
    Snake:1 |   10627 |       0 |   0.0 |      23 |       0 |   0.0
    Snake:2 |   25234 |       0 |   0.0 |      47 |       0 |   0.0
    Snake:3 |   19632 |   12809 |  39.5 |      42 |      14 |  25.0
    Snake:4 |   19516 |   21650 |  52.6 |      43 |      34 |  44.2
      Orc:1 |    3721 |   12164 |  76.6 |      40 |      29 |  42.0
      Orc:2 |    4103 |   12115 |  74.7 |      28 |      24 |  46.2
      Elf:1 |   16676 |    8137 |  32.8 |      28 |      13 |  31.7
      Elf:2 |    6663 |    3188 |  32.4 |      13 |       2 |  13.3
      Elf:3 |   23578 |   40373 |  63.1 |      36 |      37 |  50.7
   Vaults:1 |   26245 |   24003 |  47.8 |      41 |      33 |  44.6
   Vaults:2 |   22514 |   25151 |  52.8 |      39 |      29 |  42.6
   Vaults:3 |   30160 |   26824 |  47.1 |      38 |      31 |  44.9
   Vaults:4 |   14648 |   13801 |  48.5 |      24 |      30 |  55.6
   Vaults:5 |   10197 |  100206 |  90.8 |      10 |      84 |  89.4
    Crypt:1 |   30606 |       0 |   0.0 |      45 |       0 |   0.0
    Crypt:2 |   29779 |       0 |   0.0 |      40 |       0 |   0.0
    Crypt:3 |   30913 |   40202 |  56.5 |      40 |      31 |  43.7
   Depths:1 |   40373 |       0 |   0.0 |      51 |       0 |   0.0
   Depths:2 |   18563 |    4225 |  18.5 |      22 |       9 |  29.0
   Depths:3 |   46785 |    9504 |  16.9 |      55 |      13 |  19.1
   Depths:4 |   33503 |   22363 |  40.0 |      35 |      19 |  35.2
      Zot:1 |   57099 |   36761 |  39.2 |      47 |      33 |  41.2
      Zot:2 |   35503 |   35254 |  49.8 |      29 |      29 |  50.0
      Zot:3 |   25598 |   36090 |  58.5 |      18 |      31 |  63.3
      Zot:4 |   46774 |    9562 |  17.0 |      39 |       8 |  17.0
      Zot:5 |   53445 |   96037 |  64.2 |      41 |      41 |  50.0
     WizLab |       0 |   15977 | 100.0 |       0 |      16 | 100.0
            +---------+---------+-------+---------+---------+-------

Illustrated notes

Table legend:
 A = Kills in this place as a percentage of kills in the entire game.
 B = Kills by you in this place as a percentage of kills by you in the entire game.
 C = Kills by friends in this place as a percentage of kills by friends in the entire game.
 D = Other kills in this place as a percentage of other kills in the entire game.
 E = Experience gained in this place as a percentage of experience gained in the entire game.
 F = Experience gained in this place divided by the number of levels of this place that you have seen.
                   A       B       C       D       E      F
               +-------+-------+-------+-------+-------+----------------------
         Total | 100.0 | 100.0 | 100.0 |   N/A | 100.0 | 28382.6
       Dungeon |  15.9 |  15.4 |  22.9 |   N/A |   4.8 | 4946.3
          Lair |   9.4 |   7.5 |  36.8 |   N/A |   4.5 | 13660.6
         Swamp |   6.5 |   6.9 |   0.7 |   N/A |   6.0 | 22823.5
     Snake Pit |   9.2 |   8.4 |  20.1 |   N/A |   7.1 | 27367.0
  Orcish Mines |   5.5 |   4.9 |  13.9 |   N/A |   2.1 | 16051.5
   Elven Halls |   5.8 |   6.2 |   0.7 |   N/A |   6.4 | 32871.7
        Vaults |  16.2 |  17.3 |   0.0 |   N/A |  19.2 | 58749.8
         Crypt |   7.0 |   7.5 |   0.0 |   N/A |   8.6 | 43833.3
        Depths |   9.2 |   9.8 |   0.0 |   N/A |  11.4 | 43829.0
           Zot |  14.6 |  15.3 |   4.9 |   N/A |  28.8 | 88427.8
        Wizlab |   0.7 |   0.8 |   0.0 |   N/A |   1.0 | 15977.0
               +-------+-------+-------+-------+-------+----------------------

Table legend: (Time is in decaauts)
 A = Elapsed time spent in this place.
 B = Non-inter-level travel time spent in this place.
 C = Inter-level travel time spent in this place.
 D = Time resting spent in this place.
 E = Time spent auto-exploring this place.
 F = Levels seen in this place.
 G = Mean time per level.
                   A        B        C        D        E       F      G
               +--------+--------+--------+--------+--------+-----+--------+
         Total |  98631 |  90118 |   8513 |  36577 |  33366 |  54 | 1826.5 |
       Dungeon |  24583 |  21694 |   2889 |   9061 |   9514 |  15 | 1638.9 |
          Lair |  10085 |   9021 |   1064 |   2707 |   4401 |   5 | 2017.0 |
         Swamp |   6239 |   5558 |    681 |   2061 |   2631 |   4 | 1559.8 |
     Snake Pit |  10448 |   9966 |    482 |   4633 |   3131 |   4 | 2612.0 |
  Orcish Mines |   4671 |   4327 |    344 |   2745 |    922 |   2 | 2335.5 |
   Elven Halls |   6881 |   6657 |    224 |   3216 |   1548 |   3 | 2293.7 |
        Vaults |  10626 |   9430 |   1196 |   3297 |   3555 |   5 | 2125.2 |
         Crypt |   4983 |   4736 |    247 |   1655 |   1952 |   3 | 1661.0 |
        Depths |   7149 |   6243 |    906 |   2036 |   2884 |   4 | 1787.2 |
           Zot |  12149 |  11673 |    476 |   5022 |   2709 |   5 | 2429.8 |
        Bazaar |    339 |    339 |      0 |      0 |     64 |   2 |  169.5 |
         Trove |    103 |    103 |      0 |      0 |      0 |   1 |  103.0 |
        Wizlab |    369 |    369 |      0 |    142 |     53 |   1 |  369.0 |
               +--------+--------+--------+--------+--------+-----+--------+

Top non-repeatable levels by time:
 Snake:3: 3767 daAuts
    D:14: 3156 daAuts
   Zot:3: 2971 daAuts
Vaults:1: 2899 daAuts
Depths:4: 2827 daAuts
   Orc:1: 2754 daAuts
   Elf:3: 2653 daAuts
 Snake:4: 2640 daAuts
  Lair:2: 2470 daAuts
   Zot:2: 2414 daAuts
   Elf:2: 2407 daAuts
Vaults:4: 2391 daAuts
     D:6: 2383 daAuts
   Zot:1: 2351 daAuts
     D:8: 2286 daAuts
